 Dungeon Crawl Stone Soup version 0.27.1-34-g3ba077fa99 (webtiles) character file.

Game seed: 10246065622447548146

16695278 DildoBatman the Petrodigitator (level 27, 249/249 HPs)
             Began as a Formicid Conjurer on Aug 30, 2021.
             Was an Initiate of Gozag.
             Escaped with the Orb
             ... and 15 runes on Jan 9, 2022!
             The game lasted 08:56:13 (96773 turns).

DildoBatman the Petrodigitator (Formicid Conjurer) Turns: 96773, Time: 08:56:14

Health: 249/249    AC: 37    Str: 13    XL:     27
Magic:  60/60      EV: 43    Int: 36    God:    Gozag
Gold:   171        SH: 34    Dex: 27    Spells: 5/80 levels left

rFire    + + +     SeeInvis +   a - +6 Majin-Bo {vamp, MP+6 Int+6}
rCold    + + +     Faith    .   s - +8 tower shield {AC+3}
rNeg     + + +     Spirit   .   o - +5 troll leather armour "Jilaydgh" {Rampage Will++ Regen+}
rPois    ∞         Reflect  .   (helmet unavailable)
rElec    +         Harm     .   k - +1 cloak of Starlight {*Dazzle EV+4 Stlth--}
rCorr    +         Rampage  +   r - +1 pair of gloves of Yloruumn {rF+}
Will     +++++     Clarity  +   i - +2 pair of boots "Qatesuo" {+Inv Will+ Regen+ Stlth+}
Stlth    +++.......             m - amulet "Dosoyl" {RegenMP rC+ Dex+9}
HPRegen  2.51/turn              l - ring of the Grey Skies {AC+4 Int+9}
MPRegen  0.62/turn              D - ring "Lias" {Wiz rElec rF+ rC+ rN+}

@: mighty, brilliant, lich-form, resistant, gold aura, very slightly
contaminated, studying 6 skills, invisible
A: draining attack, torment immunity, no potions, permanent stasis, dig shafts
and tunnels, antennae 3, four strong arms, clarity, fire resistance 1,
strong-willed 1, poison resistance
0: Orb of Zot
}: 15/15 runes: serpentine, barnacled, slimy, silver, golden, iron, obsidian,
icy, bone, abyssal, demonic, glowing, magical, fiery, dark
a: Dig, Shaft Self, End Transformation, Renounce Religion, Evoke Invisibility,
Potion Petition, Call Merchant, Bribe Branch


You escaped.
You worshipped Gozag.
Gozag was aware of your devotion.
You were an undead lich.
You visited 18 branches of the dungeon, and saw 83 of its levels.
You visited Pandemonium 1 time, and saw 11 of its levels.
You visited the Abyss 2 times.
You completed 4 ziggurats, and saw 108 of their levels.
You also visited: Ossuary, Volcano and Desolation.

You collected 101908 gold pieces.
You spent 7009 gold pieces at shops.
You paid 94728 gold pieces to Gozag.

Inventory:

Hand Weapons
 a - the +6 Majin-Bo (weapon) {vamp, MP+6 Int+6}
   (You found it on level 8 of a ziggurat)

   It occasionally heals its wielder for a portion of the damage dealt when they
   wound a living foe with it or with a spell.
   Its wielder's spells cost health as well as magical power.
   Int:       It affects your intelligence (+6).
   MP:        It affects your magic capacity (+6).
 b - the +9 staff of Wucad Mu {*channel}
   (You found it on level 6 of a ziggurat)

   It occasionally powers its wielder's spells, but with a chance of causing
   confusion or draining the wielder's intelligence.
   It becomes more likely to activate and less likely to backfire with increased
   Evocations skill.
 e - the +9 great mace "Titit" {protect, rF- rC+++ rCorr Int-5}
   (You found it on level 3 of the Elven Halls)

   It grants its wielder temporary protection when it strikes (+7 to AC).
   Int:       It affects your intelligence (-5).
   rF:        It makes you vulnerable to fire.
   rC:        It renders you almost immune to cold.
   rCorr:     It protects you from acid and corrosion.
 E - the +7 quarterstaff of Vughait {protect, *Rage Int+7 Dex+4}
   (You found it in the Desolation of Salt)

   It grants its wielder temporary protection when it strikes (+7 to AC).
   Int:       It affects your intelligence (+7).
   Dex:       It affects your dexterity (+4).
   *Rage:     It may make you go berserk in combat.
 X - the +2 double sword "Orb Guardian's Bane" {vorpal, rC+ Will+ Int+3}
   (You found it on level 23 of a ziggurat)

   It inflicts extra damage upon your enemies.
   Int:       It affects your intelligence (+3).
   rC:        It protects you from cold.
   Will:      It increases your willpower.
Missiles
 p - 2392 bolts
 q - 470 silver javelins (quivered)
 N - 42 throwing nets
Armour
 i - the +2 pair of boots "Qatesuo" (worn) {+Inv Will+ Regen+ Stlth+}
   (You acquired it on level 3 of the Tomb of the Ancients)

   +Inv:      It lets you turn invisible.
   Regen:     It increases your rate of health regeneration.
   Will:      It increases your willpower.
   Stlth:     It makes you more stealthy.
 k - the +1 cloak of Starlight (worn) {*Dazzle EV+4 Stlth--}
   (You found it on level 12 of a ziggurat)

   It may blind those who miss an attack against the wearer in melee combat.
   EV:        It affects your evasion (+4).
   Stlth:     It makes you much less stealthy.
 o - the +5 troll leather armour "Jilaydgh" (worn) {Rampage Will++ Regen+}
   (You bought it in a shop on level 3 of the Tomb of the Ancients)

   Regen:     It increases your rate of health regeneration.
   Rampage:   It bestows one free step when moving towards enemies.
   Will:      It greatly increases your willpower.
 r - the +1 pair of gloves of Yloruumn (worn) {rF+}
   (You bought it in a shop on level 3 of the Tomb of the Ancients)

   rF:        It protects you from fire.
 s - a +8 tower shield of protection (worn)
Jewellery
 c - the amulet of the Eight Glowing Mice {Reflect rC+ Will+ rCorr MP+9 SH+5}
   (You found it in Pandemonium)

   [amulet of reflection]

   It reflects blocked missile attacks.
   rC:        It protects you from cold.
   MP:        It affects your magic capacity (+9).
   rCorr:     It protects you from acid and corrosion.
   SH:        It affects your SH (+5).
   Will:      It increases your willpower.
 d - the ring of Heczyunn {rPois rN+ Int-2 SInv Stlth+}
   (You found it in Pandemonium)

   [ring of see invisible]

   Int:       It affects your intelligence (-2).
   rPois:     It protects you from poison.
   rN:        It protects you from negative energy.
   SInv:      It lets you see invisible.
   Stlth:     It makes you more stealthy.
 l - the ring of the Grey Skies (left hand) {AC+4 Int+9}
   (You took it off a deep elf zephyrmancer on level 3 of the Elven Halls)

   [ring of protection]

   AC:        It affects your AC (+4).
   Int:       It affects your intelligence (+9).
 m - the amulet "Dosoyl" (around neck) {RegenMP rC+ Dex+9}
   (You found it on level 15 of a ziggurat)

   [amulet of magic regeneration]

   It increases your rate of magic regeneration.
   Dex:       It affects your dexterity (+9).
   rC:        It protects you from cold.
 D - the ring "Lias" (right hand) {Wiz rElec rF+ rC+ rN+}
   (You found it on level 20 of a ziggurat)

   [ring of wizardry]

   It improves your spell success rate.
   rF:        It protects you from fire.
   rC:        It protects you from cold.
   rElec:     It insulates you from electricity.
   rN:        It protects you from negative energy.
 I - the amulet "Reussin" {RegenMP rF+ rN+ Str+3}
   (You acquired it on level 3 of the Tomb of the Ancients)

   [amulet of magic regeneration]

   It increases your rate of magic regeneration.
   Str:       It affects your strength (+3).
   rF:        It protects you from fire.
   rN:        It protects you from negative energy.
Wands
 f - a wand of iceblast (64)
 F - a wand of acid (32)
Scrolls
 g - 12 scrolls of magic mapping
 t - 3 scrolls of summoning
 w - a scroll of acquirement
 z - 153 scrolls of identify
 G - 9 scrolls of torment
 K - 34 scrolls of amnesia
 L - 37 scrolls of enchant armour
 M - 68 scrolls of fog
 O - 11 scrolls of holy word
 Y - 10 scrolls of immolation
Potions
 j - 8 potions of invisibility
 n - 38 potions of curing
 u - 13 potions of brilliance
 v - 8 potions of magic
 x - 7 potions of resistance
 y - 45 potions of heal wounds
 A - 36 potions of mutation
 B - 12 potions of ambrosia
 J - 15 potions of might
 T - 30 potions of cancellation
Miscellaneous
 h - a lightning rod (4/4)
 U - a box of beasts (inert)
 W - a condenser vane (inert)


   Skills:
 O Level 27 Fighting
 * Level 14.3(15.4) Short Blades
 * Level 10.3(13.5) Long Blades
 * Level 14.1 Axes
 O Level 27 Staves
 * Level 12.5 Bows
 * Level 14.1 Crossbows
 O Level 27 Throwing
 O Level 27 Armour
 O Level 27 Dodging
 O Level 27 Stealth
 O Level 27 Shields
 * Level 14.1 Unarmed Combat
 O Level 27 Spellcasting
 O Level 27 Conjurations
 O Level 27 Necromancy
 * Level 12.6 Translocations
 O Level 27 Transmutations
 O Level 27 Fire Magic
 O Level 27 Ice Magic
 O Level 27 Air Magic
 O Level 27 Earth Magic
 * Level 17.1 Poison Magic
 O Level 27 Evocations


You had 5 spell levels left.
You knew the following spells:

 Your Spells              Type           Power      Damage    Failure   Level
a - Borgnjor's Vile Clut  Necr/Erth      89%        N/A       0%          5
b - Shatter               Erth           76%        3d55*     1%          9
c - Polar Vortex          Ice            76%        N/A       1%          9
d - Necromutation         Tmut/Necr      89%        N/A       1%          8
e - Chain Lightning       Conj/Air       76%        3d101     1%          9
f - Maxwell's Capacitive  Air            76%        ∞         1%          8
g - Ozocubu's Armour      Ice            100%       N/A       0%          3
h - Dispel Undead         Necr           100%       3d31      0%          4
i - Fire Storm            Conj/Fire      76%        8d19      1%          9
k - Death's Door          Necr           89%        N/A       1%          9
z - Sublimation of Blood  Necr           89%        N/A       0%          2

Your spell library contained the following spells:

 Spells                   Type           Power      Damage    Failure   Level
 Animate Skeleton         Necr           100%       N/A       0%          1
 Apportation              Tloc           100%       N/A       0%          1
 Beastly Appendage        Tmut           100%       N/A       0%          1
 Foxfire                  Conj/Fire      100%       2x1d9     0%          1
 Freeze                   Ice            100%       1d11      0%          1
 Magic Dart               Conj           100%       1d8       0%          1
 Pain                     Necr           100%       1d9       0%          1
 Sandblast                Erth           100%       2d20      0%          1
 Shock                    Conj/Air       100%       1d9       0%          1
 Sting                    Tmut/Pois      100%       1d8       0%          1
 Corpse Rot               Necr/Air       N/A        N/A       0%          2
 Ensorcelled Hibernation  Hex/Ice        100%       N/A       0%          2
 Passwall                 Tmut/Erth      100%       N/A       0%          2
 Poisonous Vapours        Pois/Air       100%       N/A       0%          2
 Searing Ray              Conj           100%       3d7       0%          2
 Static Discharge         Conj/Air       100%       N/A       0%          2
 Wereblood                Tmut           100%       N/A       0%          2
 Conjure Flame            Conj/Fire      100%       6-21      0%          3
 Dazzling Flash           Conj/Hex       100%       N/A       0%          3
 Frozen Ramparts          Ice            100%       1d12      0%          3
 Gell's Gravitas          Tloc           59%        N/A       0%          3
 Ignite Poison            Fire/Tmut/Pois 100%       N/A       0%          3
 Inner Flame              Hex/Fire       100%       N/A       0%          3
 Lesser Beckoning         Tloc           59%        N/A       0%          3
 Mephitic Cloud           Conj/Pois/Air  100%       N/A       0%          3
 Spider Form              Tmut/Pois      71%        N/A       0%          3
 Stone Arrow              Conj/Erth      100%       3d13      0%          3
 Teleport Other           Tloc           100%       N/A       0%          3
 Vampiric Draining        Necr           89%        2d18      0%          3
 Airstrike                Air            76%        N/A       0%          4
 Animate Armour           Summ/Erth      100%       N/A       0%          4
 Animate Dead             Necr           89%        N/A       0%          4
 Fulminant Prism          Conj/Hex       60%        3d27      0%          4
 Hailstorm                Conj/Ice       100%       3d20      0%          4
 Ice Form                 Ice/Tmut       100%       N/A       0%          4
 Iskenderun's Mystic Bla  Conj/Tloc      100%       2d19      0%          4
 Leda's Liquefaction      Hex/Erth       60%        N/A       0%          4
 Olgreb's Toxic Radiance  Pois           100%       N/A       0%          4
 Petrify                  Tmut/Erth      100%       N/A       0%          4
 Sticky Flame             Conj/Fire      100%       2d11      0%          4
 Summon Ice Beast         Ice/Summ       100%       N/A       0%          4
 Summon Lightning Spire   Summ/Air       100%       N/A       0%          4
 Agony                    Necr           100%       N/A       0%          5
 Alistair's Intoxication  Tmut/Pois      94%        N/A       0%          5
 Blade Hands              Tmut           76%        N/A       0%          5
 Bolt of Magma            Conj/Fire/Erth 76%        4d29      0%          5
 Excruciating Wounds      Necr           89%        N/A       0%          5
 Fireball                 Conj/Fire      76%        3d28      0%          5
 Freezing Cloud           Conj/Ice/Air   76%        6-21      0%          5
 Irradiate                Conj/Tmut      76%        3d39      0%          5
 Iskenderun's Battlesphe  Conj           100%       2d15      0%          5
 Lee's Rapid Deconstruct  Erth           76%        3d35*     0%          5
 Lightning Bolt           Conj/Air       76%        1d102     0%          5
 Corona                   Hex            71%        N/A       1%          1
 Summon Small Mammal      Summ           100%       N/A       1%          1
 Call Imp                 Summ           64%        N/A       1%          2
 Slow                     Hex            64%        N/A       1%          2
 Call Canine Familiar     Summ           64%        N/A       1%          3
 Confusing Touch          Hex            64%        N/A       1%          3
 Portal Projectile        Hex/Tloc       100%       N/A       1%          3
 Summon Guardian Golem    Hex/Summ       64%        N/A       1%          3
 Tukima's Dance           Hex            64%        N/A       1%          3
 Cause Fear               Hex            32%        N/A       1%          4
 Passage of Golubria      Tloc           N/A        N/A       1%          4
 Manifold Assault         Tloc           100%       N/A       1%          5
 Metabolic Englaciation   Hex/Ice        60%        N/A       1%          5
 Silence                  Hex/Air        60%        N/A       1%          5
 Summon Forest            Summ/Tloc      48%        N/A       1%          5
 Yara's Violent Unravell  Hex/Tmut       60%        3d23      1%          5
 Summon Mana Viper        Hex/Summ       64%        N/A       4%          5
 Conjure Ball Lightning   Conj/Air       76%        3x3d28    0%          6
 Death Channel            Necr           89%        N/A       0%          6
 Eringya's Noxious Bog    Tmut/Pois      71%        N/A       0%          6
 Iron Shot                Conj/Erth      76%        9d14      0%          6
 Simulacrum               Ice/Necr       89%        N/A       0%          6
 Starburst                Conj/Fire      76%        6d19      0%          6
 Statue Form              Tmut/Erth      100%       N/A       0%          6
 Dragon Form              Tmut           76%        N/A       0%          7
 Orb of Destruction       Conj           76%        9d19      0%          7
 Ozocubu's Refrigeration  Ice            76%        4d20      0%          7
 Storm Form               Tmut/Air       76%        N/A       0%          7
 Dispersal                Tloc           59%        N/A       1%          6
 Haunt                    Necr/Summ      72%        N/A       1%          7
 Spellforged Servitor     Conj/Summ      60%        N/A       1%          7
 Borgnjor's Revivificati  Necr           89%        N/A       1%          8
 Ignition                 Fire           76%        3d20      1%          8
 Infestation              Necr           89%        N/A       1%          8
 Lehudib's Crystal Spear  Conj/Erth      76%        10d17     1%          8
 Disjunction              Tloc           59%        N/A       7%          8
 Malign Gateway           Summ/Tloc      48%        N/A       12%         7
 Invisibility             Hex            32%        N/A       26%         6
 Shadow Creatures         Summ           N/A        N/A       26%         6
 Monstrous Menagerie      Summ           32%        N/A       80%         7
 Summon Hydra             Summ           32%        N/A       80%         7
 Discord                  Hex            32%        N/A       100%        8
 Summon Horrible Things   Summ           32%        N/A       100%        8
 Dragon's Call            Summ           32%        N/A       100%        9
 Blink                    Tloc           Unusable   N/A       N/A         2
 Swiftness                Air            Unusable   N/A       N/A         3

Dungeon Overview and Level Annotations

Branches:
Dungeon (15/15)            Temple (1/1) D:6            Lair (6/6) D:9
 Shoals (4/4) Lair:3        Snake (4/4) Lair:3        Slime (5/5) Lair:6
    Orc (2/2) D:9             Elf (3/3) Orc:2        Vaults (5/5) D:13
  Crypt (3/3) Vaults:2       Tomb (3/3) Crypt:3      Depths (5/5) D:15
   Hell (visited)             Dis (7/7) Hell            Geh (7/7) Hell
    Coc (7/7) Hell            Tar (7/7) Hell            Zot (5/5) Depths:5
Ossuary (visited)         Volcano (visited)         Desolation (visited)

Altars:
Ashenzari
Cheibriados
Dithmenos
Elyvilon
Fedhas
Gozag
Hepliaklqana
Kikubaaqudgha
Makhleb
Nemelex Xobeh
Okawaru
Qazlal
Ru
Sif Muna
Trog
Uskayaw
Vehumet
Wu Jian
Xom
Yredelemnul
Zin
The Shining One
Jiyva

Shops:
D:3 (   D:4 *   Orc:2 (*:[   Elf:1 :   Elf:2 :?!   Snake:2 :=:   Snake:3 ??
Snake:4 ?   Vaults:3 *   Vaults:4 (   Vaults:5 *
Tomb:3 ([[(([[(*[[[=:[[[[*=[[([   Depths:1 [   Depths:5 :[

Portals:
Hell: Depths:1 Depths:3 Depths:4
Abyss: Depths:4
Pandemonium: Depths:3 Depths:4
Ziggurat: Tomb:3


Innate Abilities, Weirdness & Mutations

You are an undead lich.
Your unarmed attacks are suffused with negative energy.
You are immune to unholy pain and torment.
Your necromantic spells are more powerful.
You cannot drink.
You cannot be hasted, slowed, berserked, paralysed or teleported.
You can dig through walls and to a lower floor.
You have a pair of large antennae on your head. (SInv)
Your four strong arms can wield two-handed weapons with a shield.
You possess an exceptional clarity of mind.
Your flesh is heat resistant. (rF+)
You are strong-willed. (Will+)
Your system is resistant to poisons. (rPois)


Message History

r - Retreat! s - Stop attacking. g - Guard the area. f - Follow me.
Anything else - Cancel.
You shout for attention!
The hell hog squeals angrily.
The hell hog is engulfed in blazing flames.
What are your orders? t - Shout!
Orders for allies: a - Attack new target. r - Retreat! s - Stop attacking. g - Guard the area. f - Follow me.
Anything else - Cancel.
You shout for attention!
The hell hog is no longer distracted by gold.
The hell hog is engulfed in blazing flames.
What are your orders? t - Shout!
Orders for allies: a - Attack new target. r - Retreat! s - Stop attacking. g - Guard the area. f - Follow me.
Anything else - Cancel.
You shout for attention!
The hell hog is engulfed in blazing flames.
The hell hog breathes fire at you.
The fireball explodes!
The fireball engulfs you. You resist.
The fireball engulfs the hell hog!
The hell hog resists.
The hell hog dies!
What are your orders? t - Shout!
Orders for allies: a - Attack new target. r - Retreat! s - Stop attacking. g - Guard the area. f - Follow me.
Anything else - Cancel.
You shout for attention!
No target in view!
No target in view!
You have escaped!

#.# ...#
...#...........####
..§§...........
.§§§...........
.§§§...........
..$.§§§........
....§§§.......$
.§§§§§§........
.§§§§§§L.....#
.§§§...........
...............
...............
...............
...............
.............#.
..............


There were no monsters in sight!

Vanquished Creatures
  Cerebov (Pan)
  Antaeus (Coc:7)
  Asmodeus (Geh:7)
  the Royal Jelly (Slime:5)
  Gloorx Vloq (Pan)
  Ereshkigal (Tar:7)
  the Serpent of Hell (Tar:7)
  A seraph (Pan)
  Lom Lobon (Pan)
  Mnoleg (Pan)
  Khufu (Tomb:3)
  Dispater (Dis:7)
  33 dread liches
  24 ancient liches
  9 orbs of fire (Zot:5)
  Mennas (Vaults:4)
  73 pandemonium lords
  18 juggernauts
  Mara (Vaults:2)
  Sojobo (Crypt:2)
  101 royal mummies
  Boris (Depths:4)
  Bai Suzhen (Vaults:1)
  2 curse toes
  Margery (Crypt:1)
  31 shard shrikes
  Vashnia (Snake:4)
  Xtahua (Depths:3)
  26 Killer Klowns
  A golden dragon (shapeshifter) (Zig:20)
  43 golden dragons
  38 caustic shrikes
  Geryon (Hell)
  Nikola (Depths:2)
  9 profane servitors
  33 bone dragons
  A pearl dragon (Pan)
  A doom hound (Tar:7)
  15 electric golems
  24 Tzitzimimeh
  36 Brimstone Fiends
  30 hellephants
  18 iron giants
  Jorgrun (D:13)
  40 tentacled monstrosities
  42 Hell Sentinels
  21 Orb Guardians
  41 Ice Fiends
  23 liches
  Asterion (Vaults:2)
  44 titans
  15 quicksilver dragons
  15 deep elf blademasters
  2 quicksilver dragons (shapeshifter)
  An acid blob (shapeshifter) (Zig:20)
  71 acid blobs
  10 deep elf master archers
  4 death cobs
  20 sphinxes
  2 krakens
  Frances (D:14)
  26 tentacled starspawn
  28 Executioners
  Gastronok (Lair:2)
  57 ancient champions
  2 eldritch tentacles (Pan)
  Agnes (D:14)
  The ghost of wjtupper the Warrior, an adept MiHu of Okawaru (Snake:4)
  11 shadow dragons
  11 tengu reavers
  A storm dragon (shapeshifter) (Zig:20)
  3 thorn hunters (Zig:21)
  2 shadow dragons (shapeshifter)
  72 nagarajas
  The ghost of denis1488 the Geomancer, an adept DrAE of Cheibriados (Snake:3)
  3 fenstrider witches
  23 storm dragons
  An azure jelly (shapeshifter) (Zig:8)
  A fenstrider witch (shapeshifter) (Zig:26)
  33 rockslimes
  35 draconian monks
  34 azure jellies
  A fire giant (shapeshifter) (Zig:6)
  10 daevas
  27 revenants
  44 ghost moths
  23 fire giants
  3 spectral juggernauts (Depths:3)
  14 iron dragons
  Louise (Snake:2)
  The ghost of Puloorue the Severer, a journeyman OgFi of Okawaru (Lair:6)
  25 corrupters
  30 frost giants
  15 emperor scorpions
  33 cacodemons
  Ilsuiw (Shoals:3)
  6 deep elf sorcerers
  10 caustic shrike zombies
  42 vault wardens
  17 warmongers
  55 balrugs
  Aizul (Snake:4)
  27 draconian scorchers
  4 frost giants (shapeshifter)
  15 curse skulls
  39 draconian knights
  11 juggernaut zombies
  3 imperial myrmidons (Desolation)
  An emperor scorpion (shapeshifter) (Zig:20)
  A spectral caustic shrike (Depths:3)
  48 orc warlords
  31 draconian stormcallers
  12 angels
  26 ironbound preservers
  2 spriggan defenders (Depths:5)
  8 deep elf elementalists
  A quicksilver ooze (shapeshifter) (Zig:18)
  28 draconian annihilators
  41 very ugly things
  17 blood saints
  17 ghouls
  A stone giant (shapeshifter) (Zig:26)
  75 reapers
  30 quicksilver oozes
  11 juggernaut skeletons
  26 draconian shifters
  30 war gargoyles
  50 stone giants
  9 ophanim
  11 caustic shrike skeletons
  24 bennus
  13 deep elf annihilators
  39 vampire knights
  14 deep elf demonologists
  7 apis (Pan)
  25 dire elephants
  2 spectral titans (Depths:3)
  8 black suns
  21 green draconians
  3 elemental wellsprings
  16 black draconians
  A dire elephant (shapeshifter) (Zig:8)
  Azrael (D:13)
  2 halazid warlocks (Desolation)
  28 entropy weavers
  12 white draconians
  17 red draconians
  23 spark wasps
  18 yellow draconians
  19 lorocyprocas
  9 bunyips
  4 eleionomae (shapeshifter)
  59 blizzard demons
  25 purple draconians
  Snorg (D:12)
  13 eleionomae
  21 ettins
  11 crystal guardians
  21 eidola
  45 green deaths
  8 quicksilver dragon zombies
  17 deep elf death magi
  A spectral kraken (Tar:7)
  10 ragged hierophants
  10 deep elf high priests
  85 mummy priests
  56 merfolk javelineers
  11 fire dragons
  10 jiangshi
  A spectral quicksilver dragon (Depths:3)
  26 yaktaur captains
  38 merfolk impalers
  A spectral golden dragon (Depths:3)
  12 ironbound thunderhulks
  The ghost of Naggiasi the Slicer, a journeyman KoBr of Trog (D:12)
  33 naga warriors
  A hydra (shapeshifter) (Zig:26)
  22 great orbs of eyes
  39 ice dragons
  6 quicksilver dragon skeletons
  3 monstrous demonspawn (Pan)
  22 shambling mangroves
  49 vault guards
  4 caustic shrike simulacra
  18 spriggan air magi
  12 hell beasts
  9 rakshasas
  8 ghost crabs
  2 spectral shadow dragons (Depths:3)
  14 servants of whispers (Desolation)
  51 salamander tyrants
  99 hydras
  2 alligator snapping turtles (shapeshifter)
  17 centaur warriors
  27 anacondas
  A juggernaut simulacrum (Depths:3)
  9 ogre magi
  5 peacekeepers
  22 catoblepae
  10 merfolk avatars
  18 boulder beetles
  15 satyrs
  12 alligator snapping turtles
  3 death knights (Crypt:1)
  2 satyrs (shapeshifter)
  A spectral fire giant (Depths:3)
  19 two-headed ogres
  2 spectral frost giants (Depths:3)
  12 death yaks
  4 tengu warriors
  19 hell hogs
  59 death scarabs
  83 merfolk aquamancers
  11 alligators
  A death yak (shapeshifter) (Abyss:1)
  2 two-headed ogres (shapeshifter)
  9 deep troll earth magi
  10 ironbound frosthearts
  An ironbound beastmaster (Vaults:4)
  5 deep troll shamans
  A spectral storm dragon (Depths:3)
  20 thrashing horrors
  28 vampire magi
  49 naga sharpshooters
  18 spriggans
  52 orc high priests
  40 shock serpents
  7 titan zombies
  3 shock serpents (shapeshifter)
  A spectral spriggan (Depths:3)
  The ghost of Ijustatesigmund the Fighter, a novice GrFi of Cheibriados (D:9)
  35 hell knights
  12 iron golems
  29 soul eaters
  13 titan skeletons
  28 wretched stars
  2 spriggan berserkers
  22 deep elf knights
  38 sun demons
  The ghost of dengdeng the Protected, a novice MiBe of Trog (D:6)
  11 storm dragon zombies
  30 iron trolls
  9 goliath frogs
  19 shadow wraiths
  4 spark wasp zombies
  14 golden dragon zombies
  7 salamander mystics
  2 iron trolls (shapeshifter)
  A spectral spark wasp (Depths:3)
  93 skeletal warriors
  29 spriggan druids
  15 glowing orange brains
  57 deep trolls
  Nergalle (Lair:2)
  A sea snake (shapeshifter) (Zig:11)
  12 storm dragon skeletons
  5 anaconda zombies
  58 sea snakes
  2 death drakes (shapeshifter)
  40 sixfirhies
  A glowing orange brain (shapeshifter) (Zig:16)
  9 cherubim (Pan)
  2 deep trolls (shapeshifter)
  13 spatial maelstroms
  An iron giant zombie (Crypt:1)
  6 gelid demonspawn
  A quicksilver dragon simulacrum (Zig:19)
  3 ghost moth zombies
  A kraken simulacrum (Shoals:4)
  16 death drakes
  21 deep elf archers
  32 flayed ghosts
  7 obsidian statues
  13 golden dragon skeletons
  24 shadow demons
  A spectral iron dragon (Depths:3)
  13 naga ritualists
  108 starcursed masses
  4 infernal demonspawn
  2 swamp dragons (shapeshifter)
  35 swamp dragons
  45 phantasmal warriors
  16 wizards
  19 bog bodies
  A harpy (shapeshifter) (Elf:1)
  3 anaconda skeletons
  13 shadow dragon zombies
  9 sphinx zombies
  114 harpies
  30 orc knights
  7 orange crystal statues
  2 lindwurms (shapeshifter)
  46 deep elf pyromancers
  49 deep elf zephyrmancers
  10 tengu zombies
  55 ugly things
  2 wolf spiders (shapeshifter)
  12 necromancers
  45 orb spiders
  3 wolf spider zombies
  37 ironbound convokers
  5 lindwurms
  An orb spider (shapeshifter) (Elf:1)
  9 tengu skeletons
  28 orc sorcerers
  An iron giant skeleton (Crypt:2)
  18 mana vipers
  11 will-o-the-wisps
  A mana viper (shapeshifter) (Zig:23)
  4 fire giant zombies
  6 frost giant zombies
  33 wolf spiders
  18 iron dragon zombies
  22 shining eyes
  A stone giant zombie (Dis:7)
  45 moths of wrath
  36 fauns
  12 shadow dragon skeletons
  26 oklob plants
  2 shining eyes (shapeshifter)
  A moth of wrath (shapeshifter) (Zig:20)
  23 cyclopes
  5 sphinx skeletons
  11 worldbinders
  5 frost giant skeletons
  A shock serpent zombie (Crypt:2)
  7 iron dragon skeletons
  49 manticores
  34 merfolk sirens
  A salamander (shapeshifter) (Zig:16)
  A manticore (shapeshifter) (Zig:18)
  A black mamba (shapeshifter) (Zig:23)
  2 glowing shapeshifters
  22 salamanders
  A toenail golem (Volcano)
  19 vault sentinels
  An elephant (shapeshifter) (Abyss:5)
  A guardian serpent (shapeshifter) (Zig:20)
  18 elephants
  40 rust devils
  2 spectral elves (Depths:3)
  3 stone giant skeletons
  22 apocalypse crabs
  13 molten gargoyles
  109 black mambas
  3 shock serpent skeletons
  38 naga magi
  40 cane toads
  25 torpor snails
  11 spriggan zombies
  Joseph (D:7)
  85 water nymphs
  An eleionoma skeleton (Crypt:3)
  11 eyes of devastation
  A white draconian zombie (Tomb:3)
  48 smoke demons
  A titan simulacrum (Depths:3)
  2 torpor snails (shapeshifter)
  An eye of devastation (shapeshifter) (Zig:26)
  2 fire giant skeletons
  13 gargoyles
  7 ice statues
  2 water nymphs (shapeshifter)
  31 guardian serpents
  20 orange demons
  2 cane toads (shapeshifter)
  2 sea snake zombies (Hell)
  A green draconian zombie (Crypt:3)
  13 spriggan skeletons
  3 dire elephant skeletons
  An emperor scorpion zombie (Tomb:2)
  5 storm dragon simulacra
  35 rime drakes
  A kobold demonologist (D:12)
  4 unseen horrors
  8 spectral swamp worms (Tar:7)
  29 komodo dragons
  3 spectral glowing shapeshifters (Depths:3)
  Psyche (D:9)
  54 hellions
  A catoblepas zombie (Lair:2)
  22 hellwings
  2 tengu conjurers
  54 freezing wraiths
  9 efreet
  A spark wasp simulacrum (Zig:15)
  32 demonic crawlers
  A catoblepas skeleton (Geh:6)
  59 tormentors
  141 guardian mummies
  29 red devils
  2 death yak skeletons
  A sea snake skeleton (Crypt:2)
  16 ancient zymes
  50 ice devils
  32 yaktaurs
  A golden dragon simulacrum (Depths:3)
  A harpy zombie (Geh:7)
  A jumping spider (shapeshifter) (Zig:26)
  2 shadow dragon simulacra
  7 meliai
  32 jumping spiders
  A merfolk (shapeshifter) (Zig:2)
  2 queen bees
  7 hydra zombies
  2 tengu simulacra
  A meliai (shapeshifter) (Zig:23)
  29 trolls
  8 bloated husks
  61 hornets
  A polar bear (shapeshifter) (Zig:20)
  138 merfolk
  9 hydra skeletons
  10 polar bears
  2 raiju (shapeshifter)
  4 tyrant leeches
  2 alligator zombies
  A hornet (shapeshifter) (Zig:26)
  3 fire dragon zombies
  109 slime creatures
  34 small abominations
  A boulder beetle zombie (D:12)
  25 wind drakes
  59 saltlings
  26 blink frogs
  2 ettin zombies (Geh:6)
  A frost giant simulacrum (Zig:14)
  A harpy skeleton (D:14)
  35 raiju
  A fire giant simulacrum (Abyss:1)
  31 elf zombies
  4 iron dragon simulacra
  10 dream sheep
  38 snapping turtles
  4 ettin skeletons
  5 ice dragon skeletons
  47 redbacks
  12 air elementals
  A black mamba zombie (Lair:5)
  An alligator skeleton (Tar:7)
  4 redbacks (shapeshifter)
  2 spriggans (shapeshifter)
  3 fire dragon skeletons
  137 flying skulls
  31 ynoxinuls
  7 shadows
  A satyr skeleton (Crypt:1)
  28 wyverns
  45 water elementals
  70 large abominations
  2 vampires
  37 tarantellas
  A fire bat (Abyss:1)
  38 wraiths
  24 basilisks
  19 fire elementals
  20 golden eyes
  69 yaks
  52 ushabtiu
  3 steam dragons
  3 black mamba skeletons
  A human (Vaults:1)
  A sea snake simulacrum (Hell)
  A wind drake skeleton (Crypt:3)
  28 chaos spawn
  A golden eye (shapeshifter) (Zig:26)
  8 vampire mosquitoes
  43 neqoxecs
  26 wargs
  4 spatial vortices
  A monstrous demonspawn zombie (Crypt:2)
  53 nagas
  53 water moccasins
  2 swamp worms (shapeshifter) (Zig:26)
  A merfolk zombie (Crypt:3)
  A hydra simulacrum (Hell)
  39 hell hounds
  3 acid dragons
  A gelid demonspawn skeleton (Crypt:1)
  A torturous demonspawn zombie (Crypt:2)
  5 swamp drakes
  4 cane toad zombies
  A deep troll skeleton (D:14)
  10 floating eyes
  3 cane toad skeletons
  A faun skeleton (Crypt:3)
  121 orc warriors
  A sky beast (D:7)
  2 two-headed ogre skeletons
  A spriggan simulacrum (Zig:5)
  An alligator simulacrum (Coc:7)
  13 necrophages
  13 ice beasts
  An ogre (shapeshifter) (Zig:26)
  A snapping turtle zombie (Abyss:1)
  3 swamp dragon zombies
  A black bear (D:4)
  A blink frog zombie (Lair:5)
  4 boggarts
  An elephant skeleton (Lair:2)
  45 ogres
  27 centaurs
  A blink frog skeleton (Lair:3)
  A swamp dragon skeleton (Crypt:3)
  30 wolves
  A manticore skeleton (Geh:6)
  2 snapping turtle skeletons
  2 phantoms
  A dream sheep skeleton (Crypt:1)
  8 elf simulacra
  29 elf skeletons
  15 bullfrogs
  5 kobold brigands
  A glowing shapeshifter simulacrum (Zig:27)
  12 earth elementals
  A gnoll sergeant (D:7)
  A cane toad simulacrum (Hell)
  4 scorpions
  A wyvern skeleton (D:7)
  A wyvern zombie (Crypt:3)
  24 killer bees (Lair:2)
  A polar bear zombie (Lair:2)
  A swamp dragon simulacrum (Abyss:2)
  22 wights
  3 howler monkeys
  3 electric eels
  3 centaur zombies
  5 crimson imps (Geh:7)
  4 quasits
  7 bullfrog skeletons
  22 iron imps
  7 jellies
  4 bullfrog zombies
  21 orc priests
  6 centaur skeletons
  A demonspawn zombie (Crypt:2)
  3 hounds
  5 gnoll shamans
  A basilisk skeleton (Lair:4)
  A black bear skeleton (Lair:4)
  15 hell rats
  4 iguanas
  28 orc wizards
  4 lightning spires (Zig:20)
  2 killer bee zombies
  An ogre zombie (Geh:6)
  A sky beast zombie (D:15)
  A bullfrog simulacrum (D:6)
  2 centaur simulacra
  An acid dragon skeleton (Crypt:3)
  A naga skeleton (Crypt:3)
  2 hound zombies
  2 hound skeletons
  231 mummies
  A howler monkey zombie (D:9)
  2 killer bee simulacra (D:6)
  20 gnolls
  An adder (shapeshifter) (Vaults:5)
  A howler monkey skeleton (D:7)
  3 adders
  A steam dragon zombie (Crypt:1)
  An orc skeleton (D:11)
  2 shadow imps (Tar:7)
  37 white imps
  A howler monkey simulacrum (D:6)
  4 ufetubi
  An iguana skeleton (Crypt:2)
  3 worms
  A barachi zombie (Crypt:2)
  2 dart slugs
  43 orcs
  6 ball pythons
  A bat zombie (D:11)
  An endoplasm (D:3)
  3 giant cockroaches
  A gnoll zombie (D:11)
  3 goblins
  7 hobgoblins
  A hobgoblin (shapeshifter) (Vaults:4)
  3 jackals (D:1)
  3 quokkas
  2 bats
  A bat (shapeshifter) (Vaults:4)
  4 frilled lizards
  A giant cockroach zombie (Crypt:3)
  A goblin zombie (D:13)
  A hobgoblin skeleton (D:11)
  8 hobgoblin zombies
  17 kobolds
  A kobold zombie (D:15)
  3 orc zombies
  3 rats
  11 ball lightnings
  12 briar patches (Zig:21)
  19 fire vortices
  A lurking horror (Abyss:5)
  2 plants
  21 starspawn tentacles
  4 tentacles
9770 creatures vanquished.

Vanquished Creatures (collateral kills)
  An emperor scorpion (Zig:20)
  A deep elf elementalist (Elf:3)
2 creatures vanquished.

Vanquished Creatures (others)
  An ancient lich (Zig:16)
  A juggernaut (Zig:20)
  A Killer Klown (Zig:26)
  2 golden dragons (Zig:21)
  2 Tzitzimimeh (Zig:22)
  A titan (Zig:23)
  An Executioner (Zig:22)
  A shadow dragon (shapeshifter) (Zig:26)
  An eldritch tentacle (Zig:26)
  3 pandemonium lords
  A fire giant (Vaults:4)
  A caustic shrike zombie (Zig:24)
  An emperor scorpion (Zig:21)
  A reaper (Zig:10)
  3 very ugly things
  An entropy weaver (Zig:25)
  2 blizzard demons
  A merfolk javelineer (Zig:25)
  2 green deaths
  A servant of whispers (Desolation)
  2 hydras
  2 ice dragons
  54 dancing weapons
  2 hell hogs
  A soul eater (Zig:24)
  A wretched star (Abyss:5)
  A goliath frog (Zig:21)
  2 spriggan druids
  A glowing orange brain (Pan)
  2 bog bodies
  2 deep elf zephyrmancers
  2 mana vipers
  A deep elf pyromancer (Elf:1)
  A will-o-the-wisp (Zig:4)
  A guardian serpent (Zig:21)
  A black mamba (Zig:27)
  3 apocalypse crabs
  A naga mage (Zig:21)
  An elf zombie (Zig:24)
  A hellion (Zig:22)
  A bloated husk (Zig:4)
  A hornet (Zig:17)
  A merfolk (Zig:25)
  3 wraiths
  A ynoxinul (Zig:22)
  A large abomination (Abyss:5)
  2 chaos spawn (Zig:26)
  A naga (Snake:4)
  2 swamp worms (shapeshifter)
  A floating eye (shapeshifter) (Zig:26)
  A kobold brigand (D:7)
  30 ball lightnings
  2 briar patches (Zig:21)
  2 fire vortices
  21 foxfires
  31 fungi
  A lurking horror (Abyss:5)
  110 plants
  44 starspawn tentacles
  84 tentacles
450 creatures vanquished.

Grand Total: 10222 creatures vanquished

Notes
Turn   | Place    | Note
-------+----------+-------------------------------------------
     0 | D:1      | DildoBatman the Formicid Conjurer began the quest for the
                  | Orb.
     0 | D:1      | Reached XP level 1. HP: 13/13 MP: 3/3
    14 | D:1      | You fall into a shaft and drop 1 floor!
   434 | D:2      | Found a faded altar of an unknown god.
   546 | D:1      | Reached XP level 2. HP: 2/19 MP: 3/5
   552 | D:1      | Learned a level 2 spell: Searing Ray
   782 | D:1      | Reached XP level 3. HP: 21/24 MP: 2/6
  1927 | D:3      | Reached XP level 4. HP: 28/30 MP: 3/7
  2032 | D:3      | Found Uliot's Weapon Shoppe.
  2104 | D:3      | Got the Almanac of the Stonemason
  2141 | D:3      | Reached skill level 5 in Conjurations
  2939 | D:3      | Reached skill level 1 in Fighting
  2939 | D:3      | Reached skill level 1 in Armour
  2939 | D:3      | Reached XP level 5. HP: 37/37 MP: 3/8
  3124 | D:4      | Reached XP level 6. HP: 7/44 MP: 1/10
  3343 | D:4      | Noticed a black bear
  3553 | D:4      | Found Saokh's General Store.
  3574 | D:4      | Found a glowing silver altar of Zin.
  3749 | D:5      | Entered Level 5 of the Dungeon
  3855 | D:5      | Found a sand-covered staircase.
  3886 | D:5      | Reached XP level 7. HP: 50/50 MP: 7/12
  3905 | D:5      | Found a blossoming altar of Fedhas.
  3939 | Ossuary  | Entered an ossuary
  4106 | Ossuary  | Reached skill level 5 in Spellcasting
  4307 | D:5      | Found an opulent altar of Gozag.
  4318 | D:5      | Reached XP level 8. HP: 47/56 MP: 5/17
  4609 | D:5      | Learned a level 3 spell: Conjure Flame
  4609 | D:5      | Found a shimmering blue altar of Sif Muna.
  4662 | D:5      | Reached skill level 1 in Fire Magic
  4741 | D:5      | Identified the +3 ring mail of the Vacuum {Str+3 Dex+3}
  4808 | D:5      | Identified the +7 hand axe "Huiwnaru" {freeze, *Rage rPois
                  | Str+4 Dex+5}
  5225 | D:6      | Found a staircase to the Ecumenical Temple.
  5254 | Temple   | Entered the Ecumenical Temple
  5348 | Temple   | Became a worshipper of Kikubaaqudgha
  5802 | D:6      | Reached skill level 5 in Fire Magic
  5803 | D:6      | Reached XP level 9. HP: 50/61 MP: 14/19
  5814 | D:6      | Reached * piety under Kikubaaqudgha
  5814 | D:6      | Received a gift from Kikubaaqudgha
  5822 | D:6      | Learned a level 2 spell: Sublimation of Blood
  5826 | D:6      | Learned a level 3 spell: Vampiric Draining
  5828 | D:6      | Found a snail-covered altar of Cheibriados.
  5940 | D:6      | Noticed dengdeng's ghost (novice MiBe)
  6016 | D:6      | Found a runed translucent gate.
  6016 | D:6      | Found a runed translucent gate.
  6016 | D:6      | Found a runed translucent gate.
  6430 | D:7      | Found a shadowy altar of Dithmenos.
  6463 | D:7      | Noticed Joseph
  6565 | D:7      | Noticed a komodo dragon
  6580 | D:7      | Killed a komodo dragon
  6581 | D:7      | Reached skill level 1 in Necromancy
  6625 | D:7      | Found a shimmering altar of Xom.
  7030 | D:7      | Reached XP level 10. HP: 35/73 MP: 13/20
  7176 | D:7      | Reached ** piety under Kikubaaqudgha
  7265 | D:7      | Found a basalt altar of Yredelemnul.
  7303 | D:7      | Reached skill level 5 in Fighting
  7303 | D:7      | Reached skill level 5 in Armour
  7740 | D:7      | Killed Joseph
  7741 | D:7      | Reached skill level 5 in Necromancy
  7819 | D:7      | Noticed a red ugly thing
  7819 | D:7      | Noticed a gargoyle
  7823 | D:7      | You fall into a shaft and drop 1 floor!
  7823 | D:8      | Noticed a red ugly thing
  8025 | D:7      | Identified the +8 rapier "Igou" {drain, rPois rF+++ rC-
                  | Will+ Int-4}
  8058 | D:7      | Identified 2 scrolls of acquirement
  8063 | D:7      | Acquired 1072 gold pieces
  8064 | D:7      | Acquired an amulet of regeneration
  8159 | D:7      | Killed a gargoyle
  8404 | D:7      | Killed a red ugly thing
  8405 | D:7      | Reached skill level 5 in Shields
  8635 | D:8      | Killed a red ugly thing
  8636 | D:8      | Reached XP level 11. HP: 50/79 MP: 8/21
  8976 | D:8      | Found a glowing golden altar of the Shining One.
  9209 | D:9      | Noticed Psyche
  9234 | D:9      | Killed Psyche
  9241 | D:9      | Noticed a two-headed ogre
  9252 | D:9      | Killed a two-headed ogre
  9279 | D:9      | Found a staircase to the Orcish Mines.
  9341 | D:9      | Noticed a two-headed ogre
  9344 | D:9      | Found a transporter.
  9346 | D:9      | Noticed Ijustatesigmund's ghost (novice GrFi)
  9352 | D:9      | Noticed a two-headed ogre
  9355 | D:9      | Found a transporter.
  9465 | D:9      | Found a staircase to the Lair.
  9622 | D:9      | Noticed a two-headed ogre
  9647 | D:9      | Killed a two-headed ogre
  9699 | D:9      | Found a stormy altar of Qazlal.
  9771 | D:9      | Reached *** piety under Kikubaaqudgha
  9771 | D:9      | Received a gift from Kikubaaqudgha
  9782 | D:9      | Learned a level 4 spell: Dispel Undead
  9895 | D:6      | Killed dengdeng's ghost
 10057 | D:9      | Noticed a manticore
 10067 | D:9      | Killed a manticore
 10360 | D:9      | Found a hazy altar of Hepliaklqana.
 10422 | D:9      | Killed Ijustatesigmund's ghost
 10423 | D:9      | Reached skill level 10 in Necromancy
 10423 | D:9      | Reached XP level 12. HP: 62/86 MP: 6/24
 10426 | D:9      | Killed a two-headed ogre
 10499 | D:9      | Killed a two-headed ogre
 10510 | D:9      | Got the Catalogue of Ashen Toxins
 10566 | D:10     | Entered Level 10 of the Dungeon
 10657 | D:10     | Noticed a two-headed ogre
 10664 | D:10     | Killed a two-headed ogre
 10708 | D:10     | Found a broken altar of Ashenzari.
 10987 | D:10     | Found a burning altar of Makhleb.
 11064 | D:10     | Noticed a +0 dagger
 11064 | D:10     | Noticed a +0 short sword
 11071 | D:10     | Noticed a +0 spear
 11071 | D:10     | Noticed a +0 short sword
 11071 | D:10     | Noticed a +0 falchion
 11072 | D:10     | Noticed a +0 falchion
 11072 | D:10     | Noticed a +0 spear
 11072 | D:10     | Noticed a +0 dagger
 11073 | D:10     | Found a hide-covered altar of Uskayaw.
 11184 | D:11     | Noticed a two-headed ogre
 11192 | D:11     | Killed a two-headed ogre
 11258 | D:11     | Reached **** piety under Kikubaaqudgha
 11377 | D:11     | Noticed a boulder beetle
 11476 | D:11     | Noticed a two-headed ogre
 11487 | D:11     | Killed a two-headed ogre
 11665 | D:11     | Noticed a fire dragon
 12176 | Orc:1    | Entered Level 1 of the Orcish Mines
 12338 | Orc:1    | Noticed an orc high priest
 12404 | Orc:1    | Killed an orc high priest
 12829 | Orc:2    | Entered Level 2 of the Orcish Mines
 12829 | Orc:2    | Found Eduoluen's Antique Weapon Emporium.
 13077 | Orc:2    | Found Gyedgh's General Store.
 13096 | Orc:2    | Reached XP level 13. HP: 86/93 MP: 21/26
 13108 | Orc:2    | Noticed an ettin
 13134 | Orc:2    | Killed an ettin
 13296 | Orc:2    | Reached ***** piety under Kikubaaqudgha
 13344 | Orc:2    | Reached skill level 10 in Shields
 13538 | Orc:2    | Noticed an orc warlord
 13732 | Orc:2    | Killed an orc warlord
 13733 | Orc:2    | Reached skill level 5 in Dodging
 13758 | Orc:2    | Bought a scroll of enchant armour for 105 gold pieces
 13758 | Orc:2    | Bought a potion of mutation for 112 gold pieces
 13758 | Orc:2    | Bought a potion of curing for 42 gold pieces
 13758 | Orc:2    | Bought a potion of invisibility for 112 gold pieces
 13758 | Orc:2    | Bought a potion of curing for 42 gold pieces
 13759 | Orc:2    | Gained mutation: Your spells are a little easier to cast,
                  | but a little less powerful. [potion of mutation]
 13759 | Orc:2    | Gained mutation: You are clumsy. (Dex -2) [potion of
                  | mutation]
 13759 | Orc:2    | Gained mutation: You expend magic power (3 MP) to
                  | strengthen your wands. [potion of mutation]
 13955 | Orc:2    | Found Dohojaf's Antique Armour Shop.
 13998 | Orc:2    | Found Ycwuasae's Book Emporium.
 14005 | Orc:2    | Found a staircase to the Elven Halls.
 14063 | Orc:2    | Found Uleavve's Magic Scroll Emporium.
 14225 | Orc:2    | Bought a glowing cloak for 307 gold pieces
 14252 | Orc:2    | Bought a book of Unlife for 396 gold pieces
 14258 | Orc:2    | Learned a level 5 spell: Borgnjor's Vile Clutch
 14261 | Orc:2    | Learned a level 2 spell: Passwall
 14281 | Orc:2    | Bought a scorched scimitar for 261 gold pieces
 14281 | Orc:2    | Identified the +8 scimitar of the Present {drain, Int+2
                  | Dex+4} (You bought it in a shop on level 2 of the Orcish
                  | Mines)
 14406 | D:12     | Reached skill level 1 in Earth Magic
 14590 | D:12     | Reached skill level 5 in Earth Magic
 14715 | D:12     | Found a runed translucent gate.
 14715 | D:12     | Found a runed translucent gate.
 14715 | D:12     | Found a runed translucent gate.
 14718 | D:12     | Found a viscous altar of Jiyva.
 14718 | D:12     | Noticed Naggiasi's ghost (journeyman KoBr)
 14873 | D:12     | Noticed Snorg
 14886 | D:12     | Killed Snorg
 15207 | D:12     | Reached XP level 14. HP: 103/103 MP: 22/27
 15214 | D:12     | Killed Naggiasi's ghost
 15223 | D:12     | Identified the ring "Secur" {Fly Str+6 SInv}
 15380 | D:13     | Noticed Jorgrun
 15484 | Lair:1   | Entered Level 1 of the Lair of Beasts
 15573 | Lair:1   | Reached skill level 10 in Earth Magic
 16314 | Lair:2   | Found a dark tunnel.
 16332 | Volcano  | Entered a volcano
 16499 | Volcano  | Learned a level 3 spell: Mephitic Cloud
 16758 | Lair:2   | Reached skill level 1 in Poison Magic
 16839 | Lair:2   | Noticed Nergalle
 16851 | Lair:2   | Killed Nergalle
 16893 | Lair:2   | Noticed Gastronok
 16914 | Lair:2   | Reached ****** piety under Kikubaaqudgha
 16917 | Lair:2   | Received a gift from Kikubaaqudgha
 16918 | Lair:2   | Fell from the grace of Kikubaaqudgha
 17033 | D:5      | Became a worshipper of Gozag Ym Sagoz the Greedy
 17323 | D:11     | Reached skill level 1 in Air Magic
 17925 | Lair:2   | Killed Gastronok
 18306 | Lair:3   | Found a staircase to the Shoals.
 18464 | Lair:3   | Found a staircase to the Snake Pit.
 18479 | Lair:3   | Reached XP level 15. HP: 109/110 MP: 19/28
 18541 | Lair:3   | Lost mutation: Your spells are a little easier to cast, but
                  | a little less powerful. [potion of mutation]
 18541 | Lair:3   | Gained mutation: You are resistant to electric shocks.
                  | (rElec) [potion of mutation]
 18541 | Lair:3   | Gained mutation: You are weak. (Str -2) [potion of
                  | mutation]
 18541 | Lair:3   | Gained mutation: You are somewhat resistant to further
                  | mutation. [potion of mutation]
 18693 | Lair:3   | Found the +8 whip "Snakebite" {venom, curare, rPois}
 19514 | Lair:4   | Identified the +7 lajatang "Qeuneten" {venom, Fragile Str+5
                  | Dex+4}
 20094 | Lair:4   | Identified the +4 ring mail of Fusaseh {rElec rC+}
 20822 | Lair:5   | Reached skill level 15 in Earth Magic
 21750 | D:13     | Killed Jorgrun
 21984 | D:13     | Noticed Azrael
 21996 | D:13     | Reached XP level 16. HP: 83/116 MP: 11/29
 21996 | D:13     | Killed Azrael
 22058 | D:13     | Found a gate to the Vaults.
 22403 | D:14     | You fall into a shaft and drop 1 floor!
 22403 | D:15     | Entered Level 15 of the Dungeon
 23053 | D:15     | Found a staircase to the Depths.
 23759 | D:14     | Noticed Agnes
 23768 | D:14     | Killed Agnes
 23849 | D:14     | Was forgiven by Kikubaaqudgha
 24052 | D:14     | Found a sacrificial altar of Ru.
 24153 | D:14     | Noticed Frances
 24172 | D:14     | Killed Frances
 24632 | Lair:6   | Entered Level 6 of the Lair of Beasts
 24781 | Lair:6   | Found a viscous altar of Jiyva.
 24783 | Lair:6   | Found a staircase to the Slime Pits.
 24919 | Lair:6   | Reached XP level 17. HP: 122/122 MP: 24/30
 25037 | Lair:6   | Noticed Puloorue's ghost (journeyman OgFi)
 25051 | Lair:6   | Found a transporter.
 25105 | Lair:6   | Found a transporter.
 25708 | Lair:6   | Lost mutation: You are somewhat resistant to further
                  | mutation. [potion of mutation]
 25708 | Lair:6   | Lost mutation: You expend magic power (3 MP) to strengthen
                  | your wands. [potion of mutation]
 25906 | Lair:6   | HP: 1/122 [cane toad (14)]
 26204 | Lair:6   | Killed Puloorue's ghost
 26236 | Lair:6   | Identified the +0 cloak "Sunis" {-Cast rF+ Dex+3 SInv}
 26251 | Lair:6   | Learned a level 5 spell: Bolt of Magma
 26577 | Snake:1  | Entered Level 1 of the Snake Pit
 27139 | Snake:1  | Reached skill level 15 in Shields
 27765 | Snake:2  | Reached skill level 10 in Spellcasting
 27812 | Snake:2  | Reached XP level 18. HP: 41/131 MP: 20/32
 28010 | Snake:2  | Noticed Louise
 28041 | Snake:2  | Killed Louise
 28487 | Snake:2  | Found Plog's Book Shop.
 28488 | Snake:2  | Found Pathag's Jewellery Shoppe.
 28490 | Snake:2  | Found Toamnuon's Book Shop.
 28670 | Snake:3  | Noticed denis1488's ghost (adept DrAE)
 28670 | Snake:3  | Found a runed translucent door.
 28670 | Snake:3  | Found a shimmering altar of Xom.
 28853 | Snake:3  | Killed denis1488's ghost
 29047 | Snake:3  | Found Inly Lil's Magic Scroll Shop.
 29047 | Snake:3  | Found Leakul's Magic Scroll Boutique.
 29167 | Snake:2  | HP: 6/134 [poisoned by a nagaraja (splash of poison)]
 29283 | Snake:3  | Reached skill level 10 in Fighting
 29283 | Snake:3  | Reached skill level 5 in Air Magic
 29289 | Snake:3  | Reached skill level 10 in Armour
 29344 | Snake:3  | Bought a scroll of enchant armour for 82 gold pieces
 29344 | Snake:3  | Bought a scroll of enchant armour for 82 gold pieces
 29344 | Snake:3  | Bought a scroll of fog for 22 gold pieces
 29344 | Snake:3  | Bought a scroll of identify for 22 gold pieces
 29344 | Snake:3  | Bought a scroll of identify for 22 gold pieces
 29344 | Snake:3  | Bought a scroll of magic mapping for 38 gold pieces
 29344 | Snake:3  | Bought a scroll of magic mapping for 38 gold pieces
 29344 | Snake:3  | Bought a scroll of summoning for 104 gold pieces
 29380 | Snake:3  | Bought a scroll of holy word for 90 gold pieces
 29380 | Snake:3  | Bought a scroll of holy word for 90 gold pieces
 29380 | Snake:3  | Bought 2 scrolls of identify for 48 gold pieces
 29380 | Snake:3  | Bought a scroll of identify for 24 gold pieces
 29380 | Snake:3  | Bought a scroll of identify for 24 gold pieces
 29380 | Snake:3  | Bought a scroll of immolation for 42 gold pieces
 29432 | Snake:3  | Identified the +9 plate armour of Tikao {rElec}
 29839 | Snake:4  | Entered Level 4 of the Snake Pit
 29849 | Snake:4  | Found Nasur's Magic Scroll Shop.
 29942 | Snake:4  | Noticed Aizul
 29968 | Snake:4  | Lost mutation: You are clumsy. (Dex -2) [potion of
                  | mutation]
 29968 | Snake:4  | Lost mutation: You are weak. (Str -2) [potion of mutation]
 29968 | Snake:4  | Lost mutation: You are resistant to electric shocks.
                  | (rElec) [potion of mutation]
 29968 | Snake:4  | Gained mutation: You are strong-willed. (Will+) [potion of
                  | mutation]
 29968 | Snake:4  | Gained mutation: Your mind is acute. (Int +2) [potion of
                  | mutation]
 29969 | Snake:4  | Lost mutation: You are strong-willed. (Will+) [potion of
                  | mutation]
 29969 | Snake:4  | Lost mutation: Your mind is acute. (Int +2) [potion of
                  | mutation]
 29969 | Snake:4  | Gained mutation: You evolve. [potion of mutation]
 29969 | Snake:4  | Gained mutation: You are agile. (Dex +2) [potion of
                  | mutation]
 29989 | Snake:4  | Killed Aizul
 29990 | Snake:4  | Reached XP level 19. HP: 112/140 MP: 9/33
 29993 | Snake:4  | Bought a scroll of identify for 36 gold pieces
 29993 | Snake:4  | Bought a scroll of identify for 36 gold pieces
 29993 | Snake:4  | Bought a scroll of fog for 36 gold pieces
 29993 | Snake:4  | Bought a scroll of identify for 36 gold pieces
 29993 | Snake:4  | Bought a scroll of identify for 36 gold pieces
 29993 | Snake:4  | Bought a scroll of identify for 36 gold pieces
 29993 | Snake:4  | Bought a scroll of identify for 36 gold pieces
 30045 | Snake:4  | Identified the +4 robe of Untruth {Will+ Int+6}
 30342 | Snake:4  | Noticed Vashnia
 30462 | Snake:4  | Found a runed translucent door.
 30529 | Snake:4  | Found the +8 orange crystal plate armour {Archmagi, Int+3
                  | Clar}
 30530 | Snake:4  | Found a shimmering altar of Xom.
 30530 | Snake:4  | Noticed wjtupper's ghost (adept MiHu)
 30531 | Snake:4  | Identified the +2 glaive "Ziug" {chaos, Int+4 Dex+4}
 30632 | Snake:4  | Killed wjtupper's ghost
 30655 | Snake:4  | Got Sif Muna's Disquisition on Calling and Curses
 31021 | Snake:4  | Killed Vashnia
 31331 | Snake:4  | Lost mutation: You are agile. (Dex +2) [evolution]
 31341 | Snake:4  | Reached skill level 15 in Necromancy
 31756 | Snake:4  | Got a serpentine rune of Zot
 32409 | D:9      | Learned a level 8 spell: Necromutation
 32417 | D:9      | Learned a level 6 spell: Statue Form
 32484 | Shoals:1 | Entered Level 1 of the Shoals
 32505 | Shoals:1 | Reached skill level 1 in Transmutations
 33785 | Shoals:2 | Reached XP level 20. HP: 147/147 MP: 20/34
 34060 | Shoals:2 | Reached skill level 5 in Transmutations
 34688 | Shoals:3 | Noticed Ilsuiw
 34708 | Shoals:3 | Killed Ilsuiw
 35500 | Shoals:3 | Gained mutation: Your flesh is cold resistant. (rC+)
                  | [evolution]
 35665 | Shoals:4 | Entered Level 4 of the Shoals
 36199 | Shoals:4 | Identified the +9 scale mail of Inviolability {*Corrode
                  | rElec Int+5}
 36243 | Shoals:4 | Identified the +3 robe of Wu Jian {-Cast rF+ rN+ Regen+}
 36296 | Shoals:4 | Got a barnacled rune of Zot
 36524 | Shoals:4 | Identified the +0 ring mail "Eqivyemn" {Stlth+}
 36612 | Shoals:4 | Got the Collected Works on the Glacier and Slavery
 36617 | Shoals:4 | Learned a level 3 spell: Ozocubu's Armour
 36752 | Shoals:4 | Reached skill level 1 in Ice Magic
 36810 | Shoals:4 | Identified the +3 rapier of Disarray {protect, *Slow rElec
                  | SInv}
 36932 | Shoals:4 | Identified the +5 scale mail "Luukixent" {Int+4}
 38287 | Vaults:1 | Entered Level 1 of the Vaults
 38372 | Vaults:1 | Reached skill level 1 in Bows
 38493 | Vaults:1 | Reached XP level 21. HP: 153/153 MP: 8/35
 39158 | Vaults:1 | Reached skill level 5 in Ice Magic
 40291 | Vaults:2 | Noticed Asterion
 40316 | Vaults:2 | Killed Asterion
 40568 | Vaults:2 | Found a staircase to the Crypt.
 40568 | Vaults:2 | Found an ancient bone altar of Kikubaaqudgha.
 40572 | Vaults:2 | Found a basalt altar of Yredelemnul.
 40774 | Vaults:2 | Noticed Mara
 40786 | Vaults:2 | Noticed DildoBatman's illusion
 40803 | Vaults:2 | You are sucked into a shaft and drop 2 floors!
 41073 | Vaults:4 | Noticed a golden dragon
 41089 | Vaults:4 | Killed a golden dragon
 41090 | Vaults:4 | Reached XP level 22. HP: 156/159 MP: 8/36
 41443 | Vaults:4 | Found Itomaij's Antique Weapon Shoppe.
 41724 | Vaults:4 | Reached skill level 10 in Ice Magic
 42511 | Vaults:4 | Reached skill level 10 in Transmutations
 42819 | Vaults:4 | Identified the ring of Bummurch {Fire +Blink rCorr Dex+2
                  | Stlth+}
 42857 | Vaults:4 | Reached XP level 23. HP: 161/165 MP: 32/37
 43688 | Vaults:3 | Found Qehycs's Assorted Antiques.
 44736 | Vaults:2 | Noticed Bai Suzhen
 44784 | Vaults:1 | Killed Bai Suzhen
 45156 | Vaults:2 | Noticed DildoBatman's illusion
 45183 | Vaults:2 | You fall into a shaft and drop 1 floor!
 45372 | Vaults:2 | Killed Mara
 45659 | Vaults:2 | Reached skill level 15 in Transmutations
 45899 | D:9      | Learned a level 8 spell: Necromutation
 45984 | Elf:1    | Entered Level 1 of the Elven Halls
 46027 | Elf:1    | Found a crumbling gateway.
 46141 | Desolati | Entered the Desolation of Salt
 46473 | Desolati | Identified the +8 great sword of Causality {flame, Dex+5}
 46486 | Desolati | Got the Collected Works on Clay and the Arsonist
 46491 | Desolati | Identified the +3 scale mail of the Storm King {Fly rN+
                  | Slay+3}
 46494 | Desolati | Identified the ring "Nuran" {Fly Dex+2}
 46669 | Desolati | Reached XP level 24. HP: 172/172 MP: 21/37
 47154 | Desolati | Got the Compendium of Toxins and Curses
 47156 | Desolati | Identified the ring of Conformity {Will+ EV+4}
 47290 | Desolati | Identified the ring "Juukhluff" {rElec rC+ Will+}
 47293 | Desolati | Got the Catalogue of Calculation
 47299 | Desolati | Identified the ring of Trepidation {+Blink rPois rF+ Str+3
                  | Int+6}
 47579 | Desolati | Identified the +5 war axe "Enigaig" {flame, rC+ Stlth+}
 47608 | Desolati | Identified the +7 quarterstaff of Vughait {protect, *Rage
                  | Int+7 Dex+4}
 47827 | Elf:1    | Got the Tome of Calling
 47981 | Elf:1    | Found Qakkieq's One-of-a-Kind Books.
 48444 | Elf:1    | Got the Guide on Ashen Confrontation
 48446 | Elf:1    | Got the Compendium of the Wary Towns
 48749 | Elf:2    | Found Paexoele's Magic Scroll Shoppe.
 48786 | Elf:2    | Found Nuyriluo's Book Boutique.
 48840 | Elf:2    | Bought a scroll of identify for 26 gold pieces
 48840 | Elf:2    | Bought a scroll of enchant armour for 97 gold pieces
 48840 | Elf:2    | Bought a scroll of identify for 26 gold pieces
 48840 | Elf:2    | Bought a scroll of identify for 26 gold pieces
 48862 | Elf:2    | Bought a scroll of fog for 26 gold pieces
 48874 | Elf:2    | Found Mynel's Distillery.
 48884 | Elf:2    | Bought a potion of curing for 48 gold pieces
 48884 | Elf:2    | Bought a potion of brilliance for 64 gold pieces
 48884 | Elf:2    | Bought a potion of might for 64 gold pieces
 48884 | Elf:2    | Bought a potion of cancellation for 128 gold pieces
 48884 | Elf:2    | Bought a potion of brilliance for 64 gold pieces
 48884 | Elf:2    | Bought a potion of curing for 48 gold pieces
 48884 | Elf:2    | Bought a potion of mutation for 128 gold pieces
 48884 | Elf:2    | Bought a potion of curing for 48 gold pieces
 49361 | Elf:2    | Learned a level 5 spell: Bolt of Magma
 49560 | Elf:2    | Found a runed translucent gate.
 49561 | Elf:2    | Found a runed translucent gate.
 49561 | Elf:2    | Found a runed translucent gate.
 50036 | Elf:3    | Entered Level 3 of the Elven Halls
 50500 | Elf:3    | Reached XP level 25. HP: 118/177 MP: 26/39
 50566 | Elf:3    | Identified the ring of Qikleah {rCorr EV+4 Str+4 Dex-5}
 50574 | Elf:3    | Identified the ring of Leaves {rCorr Str+2}
 50578 | Elf:3    | Identified the +7 morningstar "Ekait" {antimagic, *Rage rC+
                  | rN+++ Stlth+}
 50578 | Elf:3    | Identified the ring of the Grey Skies {AC+4 Int+9}
 50670 | Elf:3    | Found the amulet of the Four Winds {rN+ Will+++ Clar}
 50685 | Elf:3    | Identified the +3 ring mail of Uskayaw's Reproof {rF+}
 50698 | Elf:3    | Identified the +4 quarterstaff of Jiehec {holy, Contam rF+
                  | Int+6 Dex+4}
 50701 | Elf:3    | Identified the +3 quarterstaff "Killer Bee's Regret" {elec,
                  | Fly Int+3 Stlth+}
 50721 | Elf:3    | Identified the +0 ring mail "Roox" {Str+3}
 50727 | Elf:3    | Identified the +9 great mace "Titit" {protect, rF- rC+++
                  | rCorr Int-5}
 50980 | Elf:3    | Reached XP level 26. HP: 184/184 MP: 39/39
 51507 | D:9      | Learned a level 9 spell: Shatter
 51904 | Crypt:1  | Entered Level 1 of the Crypt
 51940 | Crypt:1  | Reached skill level 1 in Evocations
 52386 | Crypt:1  | Identified the +1 pair of boots "Juaseisi" {Harm rF+ Dex+4}
 52457 | Crypt:1  | Reached skill level 5 in Evocations
 52995 | Crypt:2  | Noticed Sojobo
 53187 | Crypt:2  | Noticed Margery
 53205 | Crypt:1  | Killed Margery
 53438 | Crypt:2  | Killed Sojobo
 53447 | Crypt:2  | Reached XP level 27. HP: 140/190 MP: 8/39
 53493 | Crypt:2  | Gained mutation: You are partially covered in iridescent
                  | scales. (AC +2) [evolution]
 53850 | Crypt:3  | Entered Level 3 of the Crypt
 53867 | Crypt:3  | Noticed a dread lich
 53872 | Crypt:3  | Killed a dread lich
 54387 | Crypt:3  | Found a staircase to the Tomb.
 54637 | Crypt:3  | Found an ancient bone altar of Kikubaaqudgha.
 55002 | Crypt:3  | Noticed a dread lich
 55020 | Crypt:3  | Killed a dread lich
 55030 | Crypt:3  | Found the +13 scythe of Curses {drain, Drain}
 55512 | Tomb:1   | Entered Level 1 of the Tomb of the Ancients
 55894 | Tomb:1   | Noticed a royal mummy
 55898 | Tomb:1   | Noticed a royal mummy
 55904 | Tomb:1   | Killed a royal mummy
 55907 | Tomb:1   | Killed a royal mummy
 56666 | Tomb:1   | Noticed a royal mummy
 56670 | Tomb:1   | Noticed a royal mummy
 56670 | Tomb:1   | Noticed a royal mummy
 56680 | Tomb:1   | Killed a royal mummy
 56689 | Tomb:1   | Killed a royal mummy
 56689 | Tomb:1   | Killed a royal mummy
 56689 | Tomb:1   | Noticed a royal mummy
 56689 | Tomb:1   | Noticed a royal mummy
 56694 | Tomb:1   | Noticed a royal mummy
 56772 | Tomb:1   | Noticed a royal mummy
 56774 | Tomb:1   | Killed a royal mummy
 56775 | Tomb:1   | Killed a royal mummy
 56779 | Tomb:1   | Killed a royal mummy
 56799 | Tomb:1   | Noticed a royal mummy
 56800 | Tomb:1   | Killed a royal mummy
 56800 | Tomb:1   | Noticed a royal mummy
 56890 | Tomb:1   | Noticed a royal mummy
 56893 | Tomb:1   | Killed a royal mummy
 56894 | Tomb:1   | Killed a royal mummy
 56894 | Tomb:1   | Noticed a royal mummy
 56903 | Tomb:1   | Killed a royal mummy
 56904 | Tomb:1   | Reached skill level 27 in Earth Magic
 56904 | Tomb:1   | Killed a royal mummy
 56908 | Tomb:1   | Noticed a royal mummy
 56909 | Tomb:1   | Noticed a royal mummy
 56916 | Tomb:1   | Noticed a royal mummy
 56918 | Tomb:1   | Killed a royal mummy
 56920 | Tomb:1   | Killed a royal mummy
 56930 | Tomb:1   | Killed a royal mummy
 56930 | Tomb:1   | Noticed a royal mummy
 56976 | Tomb:1   | Killed a royal mummy
 56982 | Tomb:1   | Noticed a royal mummy
 56985 | Tomb:1   | Noticed a royal mummy
 57048 | Tomb:1   | Killed a royal mummy
 57049 | Tomb:1   | Noticed a royal mummy
 57058 | Tomb:1   | Killed a royal mummy
 57061 | Tomb:1   | Killed a royal mummy
 57151 | Tomb:1   | Noticed a royal mummy
 57161 | Tomb:1   | Noticed a royal mummy
 57166 | Tomb:1   | Killed a royal mummy
 57166 | Tomb:1   | Killed a royal mummy
 57167 | Tomb:1   | Reached skill level 5 in Stealth
 57328 | Tomb:1   | Noticed a royal mummy
 57336 | Tomb:1   | Killed a royal mummy
 57495 | Tomb:2   | Noticed a royal mummy
 57502 | Tomb:2   | Killed a royal mummy
 57502 | Tomb:2   | Noticed a royal mummy
 57503 | Tomb:2   | Noticed a royal mummy
 57503 | Tomb:2   | Noticed a royal mummy
 57619 | Tomb:2   | Killed a royal mummy
 57666 | Tomb:2   | Killed a royal mummy
 57756 | Tomb:2   | Killed a royal mummy
 57996 | Tomb:2   | Gained mutation: You are strong-willed. (Will+) [evolution]
 58534 | Vaults:5 | Entered Level 5 of the Vaults
 58541 | Vaults:5 | Noticed an ancient lich
 58548 | Vaults:5 | Noticed Mennas
 58551 | Vaults:5 | Killed an ancient lich
 58552 | Vaults:5 | Reached skill level 10 in Evocations
 58655 | Vaults:4 | Killed Mennas
 58831 | Vaults:5 | Identified the +1 leather armour of Poipn {Int+3}
 58954 | Vaults:5 | Noticed a dread lich
 58961 | Vaults:5 | Killed a dread lich
 58962 | Vaults:5 | Reached skill level 10 in Stealth
 59027 | Vaults:5 | Identified the +10 great sword of Evvyeg Moqer {vorpal, rC-
                  | Will++ rCorr Int+3}
 59238 | Vaults:5 | Identified the +4 flail "Grim Tooth" {holy, Int+3}
 59267 | Vaults:5 | Identified the ring "Iguxkobri" {Wiz SInv}
 59536 | Vaults:5 | Found Minkorph's Assorted Antiques.
 59547 | Vaults:5 | Bought a scroll of identify for 82 gold pieces
 59547 | Vaults:5 | Bought a scroll of identify for 82 gold pieces
 59550 | Vaults:5 | Got a silver rune of Zot
 59594 | Vaults:5 | Identified the +0 leather armour "Texier" {rF- Str+3 Dex+2}
 59596 | Vaults:5 | Identified the ring of Elifu {Contam Fly MP+9 Int+2 Dex+4}
 59725 | Vaults:5 | Identified the +7 quick blade of the Sneaky Friends
                  | {vorpal, +Blink Int-5 Dex+2}
 60263 | Vaults:5 | Identified the +0 hat of Tempters {rC- Will++ Dex+2 SInv}
 60653 | Tomb:3   | Entered Level 3 of the Tomb of the Ancients
 60694 | Tomb:3   | Noticed a royal mummy
 60702 | Tomb:3   | Noticed a royal mummy
 60704 | Tomb:3   | Noticed Khufu
 60705 | Tomb:3   | Noticed a royal mummy
 60706 | Tomb:3   | Reached skill level 15 in Spellcasting
 60715 | Tomb:3   | Killed Khufu
 60721 | Tomb:3   | Killed a royal mummy
 60730 | Tomb:3   | Noticed a royal mummy
 60734 | Tomb:3   | Killed a royal mummy
 60735 | Tomb:3   | Killed a royal mummy
 60738 | Tomb:3   | Noticed a royal mummy
 60739 | Tomb:3   | Noticed a royal mummy
 60743 | Tomb:3   | Noticed a royal mummy
 60746 | Tomb:3   | Noticed a royal mummy
 60750 | Tomb:3   | Killed a royal mummy
 60759 | Tomb:3   | Killed a royal mummy
 60771 | Tomb:3   | Killed a royal mummy
 60772 | Tomb:3   | Killed a royal mummy
 60779 | Tomb:3   | Killed a royal mummy
 61132 | Tomb:3   | Identified the ring "Somn" {+Blink Will++ MP+9 Int-5 Dex+3}
 61158 | Tomb:3   | Identified the ring "Fagin" {Wiz *Slow rElec Str+2 Dex+6}
 61186 | Tomb:3   | Identified the +10 glaive of Disarray {venom, Int+3}
 61187 | Tomb:3   | Identified the ring "Razeg" {Fly rF+ rCorr Dex-4}
 61280 | Tomb:3   | Acquired 913 gold pieces
 61281 | Tomb:3   | Acquired 732 gold pieces
 61292 | Tomb:3   | Identified the +9 trident of the Skies Above {flame,
                  | *Corrode rElec rN+}
 61293 | Tomb:3   | Identified the +2 robe of Noutukk {Str+4 Dex+6}
 61307 | Tomb:3   | Identified the -5 pair of boots of Kisk {Dex+10}
 61309 | Tomb:3   | Identified the +7 spear "Poinisy" {venom, rC+ rCorr}
 61360 | Tomb:3   | Got a golden rune of Zot
 61421 | Tomb:3   | Acquired the amulet "Reussin" {RegenMP rF+ rN+ Str+3}
 61469 | Tomb:3   | Identified the +6 battleaxe of Magnificence {flame, rN+++
                  | Int+7 Dex-4}
 61472 | Tomb:3   | Identified the +4 trident of Regicide {flame, rPois}
 61474 | Tomb:3   | Identified the +5 battleaxe of Conscience {spect, rC+ rN+
                  | Int+4 Dex-5}
 62367 | Tomb:3   | Bought a pair of warped gloves for 304 gold pieces
 62367 | Tomb:3   | Identified the +1 pair of gloves of Yloruumn {rF+} (You
                  | bought it in a shop on level 3 of the Tomb of the Ancients)
 62376 | Tomb:3   | Bought a scroll of identify for 92 gold pieces
 62376 | Tomb:3   | Bought a potion of curing for 138 gold pieces
 62380 | Tomb:3   | Bought a dazzling troll leather armour for 780 gold pieces
 62380 | Tomb:3   | Identified the +5 troll leather armour of Tuilall {Will+
                  | Regen+} (You bought it in a shop on level 3 of the Tomb of
                  | the Ancients)
 62380 | Tomb:3   | Bought a slimy troll leather armour for 780 gold pieces
 62380 | Tomb:3   | Identified the +5 troll leather armour "Jilaydgh" {Rampage
                  | Will++ Regen+} (You bought it in a shop on level 3 of the
                  | Tomb of the Ancients)
 62384 | Tomb:3   | Bought the +2 pair of boots of Summer {-Tele rCorr Str+8
                  | Slay+3} for 865 gold pieces
 62384 | Tomb:3   | Bought a +1 tower shield of protection for 280 gold pieces
 63436 | Zig:1    | Entered Level 1 of a ziggurat
 63475 | Zig:2    | Entered Level 2 of a ziggurat
 63479 | Zig:2    | Upgraded the game from 0.27.1 to 0.27.1-33-g824d729ab1
 63479 | Zig:2    | Upgraded the game from 0.27.1-33-g824d729ab1 to
                  | 0.27.1-34-g3ba077fa99
 63526 | Zig:3    | Entered Level 3 of a ziggurat
 63542 | Zig:3    | Identified the +1 robe "Fublat" {rC- rCorr Dex+2}
 63593 | Zig:4    | Entered Level 4 of a ziggurat
 63609 | Zig:4    | Identified the ring of Conformity {Wiz Int+2}
 63666 | Zig:5    | Entered Level 5 of a ziggurat
 63685 | Zig:5    | Got the Catalogue of Excruciating Calling
 63709 | Zig:6    | Entered Level 6 of a ziggurat
 63714 | Zig:6    | Found the +8 demon blade "Leech" {vamp, *Rage +Rage rN+}
 63782 | Zig:7    | Entered Level 7 of a ziggurat
 63851 | Zig:7    | Identified the +1 ring mail of Okawaru's Benevolence {Int+4
                  | Stlth+}
 63890 | Zig:8    | Entered Level 8 of a ziggurat
 63977 | Zig:9    | Entered Level 9 of a ziggurat
 64006 | Zig:9    | Identified the ring of the Messenger {Ice rN+ Stlth+}
 64051 | Zig:9    | Identified the +1 quarterstaff of Red Wine {speed, rPois
                  | rN++}
 64060 | Zig:10   | Entered Level 10 of a ziggurat
 64072 | Zig:10   | Reached skill level 10 in Fire Magic
 64096 | Zig:10   | Got Lotim's Compendium of Creation
 64151 | Zig:10   | Identified the +3 leather armour "Roek" {rC+}
 64175 | Zig:11   | Entered Level 11 of a ziggurat
 64186 | Zig:11   | Found the +9 heavy crossbow "Sniper" {vorpal, Acc+∞ SInv}
 64190 | Zig:11   | Reached skill level 10 in Air Magic
 64336 | Zig:11   | Identified the +0 pair of boots of Duty {rC- Str+4 Int+2
                  | Dex+5}
 64350 | Zig:12   | Entered Level 12 of a ziggurat
 64398 | Zig:12   | Identified the +2 dagger of Beshre Lohorr {speed, rN+
                  | Str+2}
 64400 | Zig:12   | Identified the ring of Oxeg {rC- MP+9 Str+4 Dex+3}
 64451 | Zig:13   | Entered Level 13 of a ziggurat
 64480 | Zig:13   | Found the -2 hat of the Alchemist {rElec rPois rF+ rC+ rN+
                  | Will+ rMut rCorr}
 64504 | Zig:13   | Identified the ring of Okawaru's Respect {Int+6 Dex+4
                  | Slay+6}
 64564 | Zig:14   | Entered Level 14 of a ziggurat
 64630 | Zig:14   | Identified the amulet of Dim Light {RegenMP rN++ Will-
                  | Int+5}
 64645 | Zig:14   | Learned a level 9 spell: Death's Door
 64661 | Zig:14   | Identified the ring of Neurosis {Int+6 Dex+4}
 64699 | Zig:14   | Identified the +7 plate armour "Akymysar" {rPois}
 64700 | Zig:14   | Identified the ring "Boez" {Will+ Str+3 SInv}
 64752 | Zig:15   | Entered Level 15 of a ziggurat
 64767 | Zig:15   | Found the +7 sceptre of Torment {pain, torment}
 64841 | Zig:15   | Identified the +5 spear of Dividends {pain, Str+4}
 64896 | Zig:15   | Identified the +0 robe of Dishonesty {rElec rC+}
 64927 | Zig:16   | Entered Level 16 of a ziggurat
 64942 | Zig:16   | Noticed a royal mummy
 64942 | Zig:16   | Noticed a royal mummy
 64942 | Zig:16   | Noticed a royal mummy
 64943 | Zig:16   | Noticed a royal mummy
 64943 | Zig:16   | Noticed a royal mummy
 64947 | Zig:16   | Killed a royal mummy
 64947 | Zig:16   | Killed a royal mummy
 64948 | Zig:16   | Killed a royal mummy
 64948 | Zig:16   | Killed a royal mummy
 64949 | Zig:16   | Reached skill level 15 in Air Magic
 64950 | Zig:16   | Killed a royal mummy
 64978 | Zig:16   | Identified the +5 long sword of Seongel {drain, rF+ Dex+3}
 65008 | Zig:16   | Identified the ring "Evato" {*Corrode Fly Dex+7}
 65084 | Zig:17   | Entered Level 17 of a ziggurat
 65091 | Zig:17   | Noticed a juggernaut
 65107 | Zig:17   | Killed a juggernaut
 65157 | Zig:17   | Noticed a juggernaut
 65311 | Zig:17   | Killed a juggernaut
 65340 | Zig:17   | Identified the ring of the Jester {rCorr Dex+6}
 65342 | Zig:17   | Identified the +0 helmet of Dim Light {+Blink Int+5}
 65343 | Zig:17   | Identified the ring "Viemav" {rPois rF- rCorr EV+4 Str+3}
 65349 | Zig:17   | Identified the +6 hunting sling "Tohi" {vorpal, rF+ Will-
                  | Str+2}
 65350 | Zig:17   | Identified the +7 rapier of the Vaults {freeze, rF+}
 65351 | Zig:17   | Identified the +11 whip "Muugot" {holy, +Blink rElec}
 65383 | Zig:17   | Identified the +8 long sword "Ziestues" {flame, rN+ Will+
                  | Int+9}
 65408 | Zig:18   | Entered Level 18 of a ziggurat
 65424 | Zig:18   | Noticed a juggernaut
 65425 | Zig:18   | Noticed a juggernaut
 65425 | Zig:18   | Noticed a juggernaut
 65426 | Zig:18   | Noticed a juggernaut
 65426 | Zig:18   | Noticed a juggernaut
 65426 | Zig:18   | Noticed a juggernaut
 65439 | Zig:18   | Killed a juggernaut
 65439 | Zig:18   | Killed a juggernaut
 65439 | Zig:18   | Killed a juggernaut
 65440 | Zig:18   | Killed a juggernaut
 65440 | Zig:18   | Killed a juggernaut
 65441 | Zig:18   | Killed a juggernaut
 65460 | Zig:18   | Found the +10 dark maul {vorpal}
 65598 | Zig:18   | Identified the +1 scale mail of the Harp {rF+ rC+ Str-4}
 65603 | Zig:18   | Identified the +1 ring mail of Daisies {Str+3}
 65609 | Zig:19   | Entered Level 19 of a ziggurat
 65739 | Zig:19   | Cast into level 3 of the Abyss (spatial maelstrom)
 65843 | Abyss:5  | Entered Level 5 of the Abyss
 65850 | Abyss:5  | Noticed a dread lich
 65995 | Abyss:5  | Reached skill level 15 in Stealth
 66055 | Zig:19   | Escaped the Abyss
 66209 | Zig:19   | Found the +10 Black Knight's barding {ponderous, rPois rN+}
 66226 | Zig:19   | Identified the amulet "Vular" {Faith Int+7 Dex+4}
 66286 | Zig:19   | Identified the +6 short sword of Destiny {vorpal, +Rage
                  | SInv}
 66297 | Zig:19   | Identified the +9 morningstar "Ficenn" {freeze, Str+3}
 66303 | Zig:20   | Entered Level 20 of a ziggurat
 66499 | Zig:20   | Identified the +1 chain mail of Haunted Freedom {+Inv}
 66501 | Zig:20   | Identified the +8 broad axe "Lasaadu" {flame, rC+++ Int-4}
 66527 | Zig:20   | Identified the ring "Xaozel" {rCorr Int+4}
 66549 | Zig:20   | Identified the ring "Lias" {Wiz rElec rF+ rC+ rN+}
 66557 | Zig:20   | Identified the +5 hand axe of Duty {spect, Fly Str+3}
 66638 | Zig:21   | Entered Level 21 of a ziggurat
 66655 | Zig:21   | Reached skill level 15 in Ice Magic
 66871 | Zig:22   | Entered Level 22 of a ziggurat
 67126 | Zig:22   | Identified the ring "Aviqysma" {rPois Stlth+}
 67131 | Zig:22   | Got the Guide on Toxins and Dark Magic
 67149 | Zig:22   | Identified the ring "Pucotoc" {Ice Slay+2 Stlth+}
 67163 | Zig:22   | Identified the +2 short sword "Fuadig" {spect, Int+6 Dex+3}
 67240 | Zig:23   | Entered Level 23 of a ziggurat
 67449 | Zig:23   | Identified the ring of Suspected Treachery {rF- rC+ rN++
                  | rCorr Stlth+}
 67455 | Zig:23   | Got the Incunabulum of Weightlessness
 67534 | Zig:24   | Entered Level 24 of a ziggurat
 67552 | Zig:24   | Noticed a shard shrike
 67555 | Zig:24   | Noticed a shard shrike
 67561 | Zig:24   | Killed a shard shrike
 67586 | Zig:24   | Killed a shard shrike
 67760 | Zig:24   | Identified the ring of Xeamp {Wiz rPois Str+4 Dex+2}
 67809 | Zig:24   | Got the Reference Book on Stones and Conjuration
 67825 | Zig:24   | Got the Compendium of Orientation and Weightlessness
 67827 | Zig:24   | Identified the ring "Bawkema" {AC+4 Int+3}
 67909 | Zig:25   | Entered Level 25 of a ziggurat
 67925 | Zig:25   | Learned a level 9 spell: Chain Lightning
 68073 | Zig:25   | Gained mutation: You rapidly evolve. [evolution]
 68101 | Zig:25   | Found the +5 demon whip "Spellbinder" {antimagic, Will+}
 68103 | Zig:25   | Found the macabre finger necklace {rN+}
 68109 | Zig:25   | Identified the amulet "Ullaf" {Regen+ Dex+4}
 68125 | Zig:25   | Identified the +10 rapier "Tattletale" {spect, rElec Str-5
                  | Int+3 Stlth+}
 68129 | Zig:25   | Identified the ring "Kebrayn" {rElec rCorr SInv}
 68141 | Zig:25   | Identified the +2 ring mail of the Goldsmith {rF+ rN+
                  | Int-5}
 68144 | Zig:25   | Identified the +1 scale mail "Pyist" {rN+ Will- rCorr SInv}
 68150 | Zig:26   | Entered Level 26 of a ziggurat
 68187 | Zig:26   | Reached skill level 15 in Armour
 68560 | Zig:27   | Entered Level 27 of a ziggurat
 68661 | Zig:27   | Reached skill level 10 in Conjurations
 69005 | Zig:27   | Found the +4 Cigotuvi's embrace {rMiasma Drain rN+}
 69023 | Zig:27   | Reached skill level 15 in Conjurations
 69137 | Zig:27   | Identified the +2 cloak of Hairiness {Will+}
 69495 | Zig:1    | Entered Level 1 of a ziggurat
 69522 | Zig:2    | Entered Level 2 of a ziggurat
 69527 | Zig:2    | Noticed a Killer Klown
 69566 | Zig:3    | Entered Level 3 of a ziggurat
 69603 | Zig:4    | Entered Level 4 of a ziggurat
 69627 | Zig:4    | Identified the ring of Maetev {+Blink rPois}
 69645 | Zig:5    | Entered Level 5 of a ziggurat
 69672 | Zig:5    | Identified the +4 chain mail of Hospitality {Harm rPois rN+
                  | Will+}
 69691 | Zig:5    | Identified the ring "Momaek" {+Blink rN+ rCorr Str+5 Int+6}
 69715 | Zig:6    | Entered Level 6 of a ziggurat
 69777 | Zig:7    | Entered Level 7 of a ziggurat
 69847 | Zig:8    | Entered Level 8 of a ziggurat
 69937 | Zig:8    | Identified the +8 falchion of Dim Light {vorpal, rCorr}
 69939 | Zig:8    | Identified the +0 pair of gloves "Nawoigaa" {Int-5 Dex+5
                  | Slay+5 Stlth+}
 69944 | Zig:9    | Entered Level 9 of a ziggurat
 69952 | Zig:9    | Noticed Asaunoac the pandemonium lord
 69980 | Zig:9    | Killed Asaunoac the pandemonium lord
 70139 | Zig:10   | Entered Level 10 of a ziggurat
 70145 | Zig:10   | Noticed Himic Ujemm the pandemonium lord
 70154 | Zig:10   | Killed Himic Ujemm the pandemonium lord
 70191 | Zig:10   | Identified the ring "Reakus" {Fly rF+ EV+4 Str-4 Slay+4}
 70195 | Zig:10   | Identified the +0 plate armour of Wacwuk {Str+3}
 70238 | Zig:11   | Entered Level 11 of a ziggurat
 70342 | Zig:11   | Identified the +0 leather armour of Prudence {Harm rC+
                  | Dex+2}
 70356 | Zig:12   | Entered Level 12 of a ziggurat
 70367 | Zig:12   | Found the +7 great mace "Undeadhunter" {disrupt, rN+}
 70369 | Zig:12   | Found the +1 cloak of Starlight {*Dazzle EV+4 Stlth--}
 70378 | Zig:12   | Identified the +9 dagger "Riur" {vorpal, Stlth+}
 70383 | Zig:12   | Identified the +9 scimitar "Quom Rek" {vorpal, Str+4}
 70416 | Zig:12   | Identified the +6 triple crossbow "Golurry" {penet, Drain
                  | Will++ Dex+6}
 70517 | Zig:13   | Entered Level 13 of a ziggurat
 70677 | Zig:13   | Identified the +2 pair of gloves of Focus {Harm rElec rN++
                  | Str-3}
 70685 | Zig:14   | Entered Level 14 of a ziggurat
 70701 | Zig:14   | Found the +8 autumn katana {vorpal, Clar}
 70788 | Zig:14   | Identified the +1 kite shield of Satisfaction {Contam rN+
                  | Will+ Str+4}
 70842 | Zig:14   | Identified the +5 spear of Destiny {vorpal, rPois}
 70853 | Zig:15   | Entered Level 15 of a ziggurat
 70865 | Zig:15   | Noticed a dread lich
 70865 | Zig:15   | Noticed an ancient lich
 70866 | Zig:15   | Noticed a dread lich
 70868 | Zig:15   | Killed a dread lich
 70868 | Zig:15   | Killed an ancient lich
 70868 | Zig:15   | Killed a dread lich
 70960 | Zig:15   | Identified the ring "Tiwnaw" {Will+ Int+5}
 71030 | Zig:15   | Identified the +3 leather armour "Veechoun" {rF+ Str-4
                  | SInv}
 71035 | Zig:16   | Entered Level 16 of a ziggurat
 71108 | Zig:16   | Identified the ring "Tyqof" {Wiz Int+2}
 71225 | Zig:17   | Entered Level 17 of a ziggurat
 71238 | Zig:17   | Reached skill level 15 in Fighting
 71328 | Zig:17   | Identified the +3 long sword of Terror {freeze, *Slow +Rage
                  | rPois Int+4 Dex+3}
 71433 | Zig:17   | Identified the -2 kite shield of the Gate {Str+4}
 71444 | Zig:18   | Entered Level 18 of a ziggurat
 71495 | Zig:18   | Noticed an ancient lich
 71507 | Zig:18   | Killed an ancient lich
 71517 | Zig:18   | Noticed an ancient lich
 71518 | Zig:18   | Noticed an ancient lich
 71521 | Zig:18   | Noticed a dread lich
 71526 | Zig:18   | Killed a dread lich
 71527 | Zig:18   | Killed an ancient lich
 71528 | Zig:18   | Killed an ancient lich
 71683 | Zig:18   | Found the +2 ratskin cloak {*Rats rPois rN+ Str-1 Int-1
                  | Dex+1}
 71791 | Zig:18   | Identified the +6 spear of War {venom, Str+6}
 71792 | Zig:18   | Identified the +1 hand axe of Hepliaklqana's Hope {vorpal,
                  | Will++ Str+3 Dex+4}
 71808 | Zig:18   | Learned a level 9 spell: Fire Storm
 71827 | Zig:18   | Learned a level 9 spell: Polar Vortex
 71833 | Zig:19   | Entered Level 19 of a ziggurat
 71842 | Zig:19   | Noticed a royal mummy
 71844 | Zig:19   | Noticed a royal mummy
 71844 | Zig:19   | Noticed a royal mummy
 71845 | Zig:19   | Noticed a royal mummy
 71845 | Zig:19   | Noticed a royal mummy
 71846 | Zig:19   | Noticed a royal mummy
 71846 | Zig:19   | Noticed a royal mummy
 71847 | Zig:19   | Noticed a royal mummy
 71849 | Zig:19   | Noticed a royal mummy
 71849 | Zig:19   | Noticed a royal mummy
 71850 | Zig:19   | Noticed a royal mummy
 71850 | Zig:19   | Found the +2 shield of Resistance {rF++ rC++ Will++}
 71853 | Zig:19   | Killed a royal mummy
 71853 | Zig:19   | Killed a royal mummy
 71853 | Zig:19   | Killed a royal mummy
 71853 | Zig:19   | Killed a royal mummy
 71854 | Zig:19   | Killed a royal mummy
 71857 | Zig:19   | Killed a royal mummy
 71867 | Zig:19   | Killed a royal mummy
 71867 | Zig:19   | Killed a royal mummy
 71908 | Zig:19   | Killed a royal mummy
 71908 | Zig:19   | Killed a royal mummy
 71908 | Zig:19   | Killed a royal mummy
 71952 | Zig:19   | Identified the ring "Ylabb" {rF+ EV+4 Str-3 Int+2 SInv}
 72016 | Zig:19   | Got Sif Muna's Papyrus of Summoning
 72131 | Zig:19   | Identified the +5 halberd of Doom {vorpal, rElec}
 72148 | Zig:20   | Entered Level 20 of a ziggurat
 72171 | Zig:20   | Noticed Fuujei the pandemonium lord
 72171 | Zig:20   | Noticed Lelyss the pandemonium lord
 72171 | Zig:20   | Noticed a Killer Klown
 72171 | Zig:20   | Noticed Ushafieb the pandemonium lord
 72180 | Zig:20   | Noticed Xium the pandemonium lord
 72186 | Zig:20   | Noticed Jofoi the pandemonium lord
 72197 | Zig:20   | Noticed Rorghaex the pandemonium lord
 72201 | Zig:20   | Killed Fuujei the pandemonium lord
 72202 | Zig:20   | Noticed Intaboq the pandemonium lord
 72202 | Zig:20   | Noticed Ecrem the pandemonium lord
 72204 | Zig:20   | Noticed Racotex the pandemonium lord
 72212 | Zig:20   | Noticed a Killer Klown
 72213 | Zig:20   | Killed Lelyss the pandemonium lord
 72214 | Zig:20   | Killed Ecrem the pandemonium lord
 72214 | Zig:20   | Killed Rorghaex the pandemonium lord
 72215 | Zig:20   | Noticed Jaotum the pandemonium lord
 72217 | Zig:20   | Killed Jofoi the pandemonium lord
 72218 | Zig:20   | Killed a Killer Klown
 72218 | Zig:20   | Killed Xium the pandemonium lord
 72219 | Zig:20   | Killed Racotex the pandemonium lord
 72219 | Zig:20   | Killed Intaboq the pandemonium lord
 72221 | Zig:20   | Noticed Rusy the pandemonium lord
 72225 | Zig:20   | Killed a Killer Klown
 72236 | Zig:20   | Killed Jaotum the pandemonium lord
 72236 | Zig:20   | Noticed Sogeig the pandemonium lord
 72250 | Zig:20   | Noticed Iqigah the pandemonium lord
 72251 | Zig:20   | Noticed Daqan the pandemonium lord
 72252 | Zig:20   | Killed Rusy the pandemonium lord
 72257 | Zig:20   | Noticed Elegot the pandemonium lord
 72267 | Zig:20   | Noticed Qassoped the pandemonium lord
 72267 | Zig:20   | Noticed a Killer Klown
 72267 | Zig:20   | Killed Iqigah the pandemonium lord
 72269 | Zig:20   | Killed Daqan the pandemonium lord
 72269 | Zig:20   | Killed Elegot the pandemonium lord
 72271 | Zig:20   | Killed Sogeig the pandemonium lord
 72272 | Zig:20   | Killed Qassoped the pandemonium lord
 72283 | Zig:20   | Killed a Killer Klown
 72287 | Zig:20   | Noticed Exyehire the pandemonium lord
 72324 | Zig:20   | Killed Exyehire the pandemonium lord
 72329 | Zig:20   | Killed Ushafieb the pandemonium lord
 72337 | Zig:20   | Noticed a Killer Klown
 72365 | Zig:20   | Noticed a Killer Klown
 72366 | Zig:20   | Killed a Killer Klown
 72373 | Zig:20   | Noticed Igioclug the pandemonium lord
 72377 | Zig:20   | Killed a Killer Klown
 72379 | Zig:20   | Killed Igioclug the pandemonium lord
 72606 | Zig:20   | Identified the ring "Lafutamue" {Ice rPois Int+4 Slay+5}
 72613 | Zig:20   | Identified the ring "Renlanew" {Fire Will++ Int-2 Dex+4}
 72667 | Zig:20   | Identified the +5 quarterstaff of Tumult {flame, rPois rF+}
 72682 | Zig:21   | Entered Level 21 of a ziggurat
 72852 | Zig:21   | Identified the amulet "Dologase" {Reflect rElec SH+5}
 72939 | Zig:21   | Identified the +9 lajatang of the Eternal Warrior {holy,
                  | Fly}
 72940 | Zig:21   | Identified the +1 scale mail of the Assorted Friars {rF+
                  | MP+9}
 72943 | Zig:21   | Identified the +4 hand crossbow of the Apocalypse {venom,
                  | Will+ Str-3 Int+4 Dex+4}
 72951 | Zig:22   | Entered Level 22 of a ziggurat
 72969 | Zig:22   | Noticed Latrode the pandemonium lord
 72990 | Zig:22   | Killed Latrode the pandemonium lord
 73059 | Zig:22   | Found the +7 mace of Variability {chain chaos}
 73210 | Zig:22   | Identified the +8 hunting sling "Jickeko" {freeze, Str+4}
 73211 | Zig:22   | Identified the +10 arbalest of the Lame Duck {elec, Str+7}
 73225 | Zig:23   | Entered Level 23 of a ziggurat
 73244 | Zig:23   | Found the ring of the Octopus King
 73376 | Zig:23   | Identified a ring of the Octopus King {MP+9 AC+1 EV+1 Str+1
                  | Int+1 Dex+1}
 73536 | Zig:23   | Identified the +4 glaive "Pujos Gyulu" {holy, rF- Str+5
                  | Dex+6}
 73550 | Zig:24   | Entered Level 24 of a ziggurat
 73580 | Zig:24   | Reached skill level 27 in Ice Magic
 73580 | Zig:24   | Reached skill level 1 in Throwing
 73589 | Zig:24   | Reached skill level 5 in Throwing
 73710 | Zig:24   | Identified the +6 long sword of Forced Transition {speed,
                  | rPois Str+3 SInv Stlth-}
 73715 | Zig:24   | Identified the +7 bardiche "Rosk" {vamp, Int+3}
 73825 | Zig:24   | Got the Guide on Congealing Feathers
 73832 | Zig:25   | Entered Level 25 of a ziggurat
 73862 | Zig:25   | Reached skill level 10 in Throwing
 74052 | Zig:25   | Found the +4 skin of Zhor {*Englaciate rC+++ SInv}
 74058 | Zig:25   | Identified the ring of Zilleaf {EV+4 Slay+2}
 74155 | Zig:25   | Identified the +7 broad axe "Omanyho" {vamp, Fragile rPois
                  | rN+++}
 74157 | Zig:25   | Identified the +0 pair of boots of Reason {Dex+4 Stlth+}
 74166 | Zig:25   | Reached skill level 15 in Evocations
 74178 | Zig:25   | Identified the +0 fustibalus "Wiykk" {vorpal, *Slow rC+
                  | rCorr}
 74180 | Zig:25   | Identified the +1 mace of Oxopa {elec, rC- Int+3 Dex+5
                  | Stlth+}
 74187 | Zig:26   | Entered Level 26 of a ziggurat
 74229 | Zig:26   | Reached skill level 10 in Dodging
 74338 | Zig:26   | Gained mutation: You are frail. (-10% HP) [evolution]
 74387 | Zig:26   | Identified the ring of the Vanishing Bones {rPois rCorr
                  | Str+2 Int+4}
 74399 | Zig:26   | Identified the +7 battleaxe "Rabethribb" {protect, rElec
                  | Str+3 Dex+3}
 74400 | Zig:26   | Identified the +9 trident "Kueck" {elec, Will+}
 74506 | Zig:26   | Identified the +5 hand axe of Peril {drain, rC- Int+7 SInv}
 74521 | Zig:27   | Entered Level 27 of a ziggurat
 74744 | Zig:27   | Found the +11 plutonium sword {Contam Stlth-}
 74750 | Zig:27   | Identified the amulet of Hofyull {RegenMP rElec}
 74755 | Zig:27   | Identified the amulet "Muloef" {Spirit Regen+}
 74756 | Zig:27   | Identified the +2 robe "Riog" {rPois Dex+5}
 74768 | Zig:27   | Identified the ring "Hedytudi" {rElec rF+ rN+ Int-2 Dex+2}
 74802 | Zig:27   | Identified the +2 morningstar of Ru's Reproof {vorpal, rC+
                  | Dex+3}
 74805 | Zig:27   | Identified the +8 hunting sling of Okawaru's Respect
                  | {speed, Str-5 Int+3 Dex+2}
 75102 | Tomb:3   | Lost mutation: You are partially covered in iridescent
                  | scales. (AC +2) [potion of mutation]
 75102 | Tomb:3   | Lost mutation: You are frail. (-10% HP) [potion of
                  | mutation]
 75102 | Tomb:3   | Gained mutation: You expend magic power (3 MP) to
                  | strengthen your wands. [potion of mutation]
 75102 | Tomb:3   | Gained mutation: You have sharp toenails. [potion of
                  | mutation]
 75103 | Tomb:3   | Lost mutation: You have sharp toenails. [potion of
                  | mutation]
 75103 | Tomb:3   | Lost mutation: You are strong-willed. (Will+) [potion of
                  | mutation]
 75103 | Tomb:3   | Gained mutation: Your skin changes colour to match your
                  | surroundings (Stealth+). [potion of mutation]
 75103 | Tomb:3   | Gained mutation: You do not regenerate when monsters are
                  | visible. [potion of mutation]
 75103 | Tomb:3   | Gained mutation: Your magical capacity is low. (-10% MP)
                  | [potion of mutation]
 75104 | Tomb:3   | Lost mutation: You expend magic power (3 MP) to strengthen
                  | your wands. [potion of mutation]
 75104 | Tomb:3   | Lost mutation: Your magical capacity is low. (-10% MP)
                  | [potion of mutation]
 75104 | Tomb:3   | Gained mutation: You are strong-willed. (Will+) [potion of
                  | mutation]
 75105 | Tomb:3   | Lost mutation: You are strong-willed. (Will+) [potion of
                  | mutation]
 75105 | Tomb:3   | Lost mutation: You rapidly evolve. [potion of mutation]
 75105 | Tomb:3   | Gained mutation: You occasionally shout uncontrollably at
                  | your foes. [potion of mutation]
 75105 | Tomb:3   | Lost mutation: You evolve. [potion of mutation]
 75105 | Tomb:3   | Gained mutation: You are resistant to electric shocks.
                  | (rElec) [potion of mutation]
 75106 | Tomb:3   | Lost mutation: Your flesh is cold resistant. (rC+) [potion
                  | of mutation]
 75107 | Tomb:3   | Lost mutation: You occasionally shout uncontrollably at
                  | your foes. [potion of mutation]
 75107 | Tomb:3   | Lost mutation: Your skin changes colour to match your
                  | surroundings (Stealth+). [potion of mutation]
 75107 | Tomb:3   | Gained mutation: You are strong-willed. (Will+) [potion of
                  | mutation]
 75107 | Tomb:3   | Gained mutation: Your body sometimes deteriorates upon
                  | taking damage. [potion of mutation]
 75108 | Tomb:3   | Lost mutation: You are strong-willed. (Will+) [potion of
                  | mutation]
 75108 | Tomb:3   | Lost mutation: Your body sometimes deteriorates upon taking
                  | damage. [potion of mutation]
 75108 | Tomb:3   | Lost mutation: You do not regenerate when monsters are
                  | visible. [potion of mutation]
 75108 | Tomb:3   | Gained mutation: You passively dampen the noise of your
                  | surroundings. [potion of mutation]
 75109 | Tomb:3   | Lost mutation: You passively dampen the noise of your
                  | surroundings. [potion of mutation]
 75109 | Tomb:3   | Gained mutation: Your mind is acute. (Int +2) [potion of
                  | mutation]
 75109 | Tomb:3   | Gained mutation: You are covered in fur. (AC +1) [potion of
                  | mutation]
 75110 | Tomb:3   | Lost mutation: You are covered in fur. (AC +1) [potion of
                  | mutation]
 75110 | Tomb:3   | Lost mutation: Your mind is acute. (Int +2) [potion of
                  | mutation]
 75110 | Tomb:3   | Lost mutation: You are resistant to electric shocks.
                  | (rElec) [potion of mutation]
 75110 | Tomb:3   | Gained mutation: You are clumsy. (Dex -2) [potion of
                  | mutation]
 75110 | Tomb:3   | Gained mutation: You have very sharp teeth. [potion of
                  | mutation]
 75110 | Tomb:3   | Lost mutation: You are clumsy. (Dex -2) [potion of
                  | mutation]
 75111 | Tomb:3   | Lost mutation: You have very sharp teeth. [potion of
                  | mutation]
 75111 | Tomb:3   | Gained mutation: You are partially covered in iridescent
                  | scales. (AC +2) [potion of mutation]
 75111 | Tomb:3   | Gained mutation: Your body sometimes deteriorates upon
                  | taking damage. [potion of mutation]
 75111 | Tomb:3   | Gained mutation: You have a beak for a mouth. [potion of
                  | mutation]
 75111 | Tomb:3   | Gained mutation: You passively map a small area around you.
                  | [potion of mutation]
 75112 | Tomb:3   | Lost mutation: You are partially covered in iridescent
                  | scales. (AC +2) [potion of mutation]
 75112 | Tomb:3   | Lost mutation: You passively map a small area around you.
                  | [potion of mutation]
 75112 | Tomb:3   | Gained mutation: You have sharp toenails. [potion of
                  | mutation]
 75113 | Tomb:3   | Lost mutation: You have sharp toenails. [potion of
                  | mutation]
 75113 | Tomb:3   | Gained mutation: Your mind is acute. (Int +2) [potion of
                  | mutation]
 75113 | Tomb:3   | Gained mutation: Your spells are a little harder to cast,
                  | but a little more powerful. [potion of mutation]
 75113 | Tomb:3   | Gained mutation: You evolve. [potion of mutation]
 75113 | Tomb:3   | Gained mutation: You passively map a small area around you.
                  | [potion of mutation]
 75114 | Tomb:3   | Lost mutation: Your mind is acute. (Int +2) [potion of
                  | mutation]
 75114 | Tomb:3   | Lost mutation: Your body sometimes deteriorates upon taking
                  | damage. [potion of mutation]
 75114 | Tomb:3   | Gained mutation: You are strong-willed. (Will+) [potion of
                  | mutation]
 75114 | Tomb:3   | Gained mutation: You are highly strong-willed. (Will++)
                  | [potion of mutation]
 75115 | Tomb:3   | Lost mutation: Your spells are a little harder to cast, but
                  | a little more powerful. [potion of mutation]
 75115 | Tomb:3   | Lost mutation: You passively map a small area around you.
                  | [potion of mutation]
 75115 | Tomb:3   | Gained mutation: You are frail. (-10% HP) [potion of
                  | mutation]
 75115 | Tomb:3   | Gained mutation: You are weak. (Str -2) [potion of
                  | mutation]
 75115 | Tomb:3   | Gained mutation: You expend magic power (3 MP) to
                  | strengthen your wands. [potion of mutation]
 75116 | Tomb:3   | Lost mutation: You are weak. (Str -2) [potion of mutation]
 75116 | Tomb:3   | Lost mutation: You expend magic power (3 MP) to strengthen
                  | your wands. [potion of mutation]
 75116 | Tomb:3   | Gained mutation: You sometimes lose the ability to read
                  | scrolls when taking damage. [potion of mutation]
 75117 | Tomb:3   | Lost mutation: You are frail. (-10% HP) [potion of
                  | mutation]
 75117 | Tomb:3   | Lost mutation: You are highly strong-willed. (Will++)
                  | [potion of mutation]
 75118 | Tomb:3   | Lost mutation: You sometimes lose the ability to read
                  | scrolls when taking damage. [potion of mutation]
 75118 | Tomb:3   | Lost mutation: You evolve. [potion of mutation]
 75118 | Tomb:3   | Lost mutation: You are strong-willed. (Will+) [potion of
                  | mutation]
 75118 | Tomb:3   | Gained mutation: You are somewhat resistant to further
                  | mutation. [potion of mutation]
 75119 | Tomb:3   | Lost mutation: You are somewhat resistant to further
                  | mutation. [potion of mutation]
 75119 | Tomb:3   | Gained mutation: You expend magic power (3 MP) to
                  | strengthen your wands. [potion of mutation]
 75119 | Tomb:3   | Gained mutation: Armour fits poorly on your strangely
                  | shaped body. [potion of mutation]
 75120 | Tomb:3   | Lost mutation: Armour fits poorly on your strangely shaped
                  | body. [potion of mutation]
 75120 | Tomb:3   | Lost mutation: You expend magic power (3 MP) to strengthen
                  | your wands. [potion of mutation]
 75120 | Tomb:3   | Gained mutation: You are partially covered in large bone
                  | plates. (SH +4) [potion of mutation]
 75120 | Tomb:3   | Gained mutation: You expend magic power (3 MP) to
                  | strengthen your wands. [potion of mutation]
 75120 | Tomb:3   | Gained mutation: Your muscles are strong. (Str +2) [potion
                  | of mutation]
 75121 | Tomb:3   | Lost mutation: You have a beak for a mouth. [potion of
                  | mutation]
 75121 | Tomb:3   | Lost mutation: You expend magic power (3 MP) to strengthen
                  | your wands. [potion of mutation]
 75121 | Tomb:3   | Gained mutation: You are frail. (-10% HP) [potion of
                  | mutation]
 75121 | Tomb:3   | Gained mutation: You evolve. [potion of mutation]
 75122 | Tomb:3   | Lost mutation: You are frail. (-10% HP) [potion of
                  | mutation]
 75122 | Tomb:3   | Lost mutation: You evolve. [potion of mutation]
 75122 | Tomb:3   | Lost mutation: Your muscles are strong. (Str +2) [potion of
                  | mutation]
 75122 | Tomb:3   | Gained mutation: Your flesh is heat resistant. (rF+)
                  | [potion of mutation]
 75122 | Tomb:3   | Gained mutation: You are strong-willed. (Will+) [potion of
                  | mutation]
 75122 | Tomb:3   | Gained mutation: You are mostly covered in large bone
                  | plates. (SH +6) [potion of mutation]
 75127 | Tomb:3   | Acquired 771 gold pieces
 75128 | Tomb:3   | Acquired 451 gold pieces
 75129 | Tomb:3   | Acquired the +2 pair of boots "Qatesuo" {+Inv Will+ Regen+
                  | Stlth+}
 76086 | Tomb:3   | Acquired 631 gold pieces
 76087 | Tomb:3   | Acquired 1028 gold pieces
 76088 | Tomb:3   | Acquired 416 gold pieces
 76089 | Tomb:3   | Acquired 833 gold pieces
 76138 | Zig:1    | Entered Level 1 of a ziggurat
 76138 | Zig:1    | Noticed Quuveoku the pandemonium lord
 76149 | Zig:1    | Killed Quuveoku the pandemonium lord
 76208 | Zig:2    | Entered Level 2 of a ziggurat
 76238 | Zig:3    | Entered Level 3 of a ziggurat
 76311 | Zig:3    | Identified the +1 ring mail of the Butterfly {Str+9 Int+3
                  | Dex+4 SInv}
 76357 | Zig:4    | Entered Level 4 of a ziggurat
 76388 | Zig:5    | Entered Level 5 of a ziggurat
 76392 | Zig:5    | Found the +8 Vampire's Tooth {vamp}
 76416 | Zig:5    | Identified the +3 dagger of the Morning {drain, rF- rC+++
                  | Str-4 Int+5}
 76418 | Zig:5    | Identified the +1 chain mail "Kuohae Quly" {rElec Will+
                  | Int+4}
 76446 | Zig:6    | Entered Level 6 of a ziggurat
 76449 | Zig:6    | Noticed a juggernaut
 76454 | Zig:6    | Killed a juggernaut
 76506 | Zig:6    | Identified the +5 arbalest of Pestilence {vorpal, rF- rN+
                  | MP+9}
 76523 | Zig:7    | Entered Level 7 of a ziggurat
 76613 | Zig:8    | Entered Level 8 of a ziggurat
 76620 | Zig:8    | Noticed a Killer Klown
 76620 | Zig:8    | Noticed Vaimuov the pandemonium lord
 76620 | Zig:8    | Noticed a Killer Klown
 76620 | Zig:8    | Noticed Nazadonero the pandemonium lord
 76621 | Zig:8    | Noticed Puwong the pandemonium lord
 76624 | Zig:8    | Killed a Killer Klown
 76625 | Zig:8    | Killed a Killer Klown
 76626 | Zig:8    | Killed Vaimuov the pandemonium lord
 76626 | Zig:8    | Killed Puwong the pandemonium lord
 76627 | Zig:8    | Killed Nazadonero the pandemonium lord
 76654 | Zig:8    | Identified the ring of Viteophe {Str+2 Dex+6 SInv}
 76656 | Zig:8    | Identified the +11 flail of the Glowing Tiger {holy, rC++}
 76668 | Zig:8    | Identified the ring "Javiaffe" {rElec rPois rF+ rC+++
                  | Will-}
 76670 | Zig:8    | Identified the +7 war axe of the Wizarding Lamprey {pain,
                  | rPois Int+6}
 76700 | Zig:8    | Lost mutation: You are strong-willed. (Will+) [potion of
                  | mutation]
 76700 | Zig:8    | Lost mutation: Your flesh is heat resistant. (rF+) [potion
                  | of mutation]
 76700 | Zig:8    | Gained mutation: Your flesh is cold resistant. (rC+)
                  | [potion of mutation]
 76700 | Zig:8    | Gained mutation: You are covered in fur. (AC +1) [potion of
                  | mutation]
 76700 | Zig:8    | Gained mutation: Your spells are a little harder to cast,
                  | but a little more powerful. [potion of mutation]
 76725 | Zig:9    | Entered Level 9 of a ziggurat
 76815 | Zig:10   | Entered Level 10 of a ziggurat
 76867 | Zig:10   | Identified the +1 quarterstaff "Plog" {vorpal, rElec rN+
                  | Str-2 Int+4}
 76926 | Zig:11   | Entered Level 11 of a ziggurat
 76932 | Zig:11   | Noticed a royal mummy
 76932 | Zig:11   | Noticed a royal mummy
 76932 | Zig:11   | Noticed a royal mummy
 76932 | Zig:11   | Noticed a royal mummy
 76933 | Zig:11   | Noticed a royal mummy
 76937 | Zig:11   | Killed a royal mummy
 76937 | Zig:11   | Killed a royal mummy
 76937 | Zig:11   | Killed a royal mummy
 76937 | Zig:11   | Killed a royal mummy
 76937 | Zig:11   | Noticed a royal mummy
 76944 | Zig:11   | Killed a royal mummy
 76947 | Zig:11   | Killed a royal mummy
 77076 | Zig:12   | Entered Level 12 of a ziggurat
 77089 | Zig:12   | Reached skill level 15 in Throwing
 77102 | Zig:12   | Identified the +0 leather armour "Ikloq" {Int+3}
 77164 | Zig:12   | Identified the amulet of Neonip {Faith rElec rF+ Int+2}
 77208 | Zig:13   | Entered Level 13 of a ziggurat
 77333 | Zig:13   | Identified the +5 fustibalus "Luzeulai" {venom, rN+ Will+}
 77340 | Zig:14   | Entered Level 14 of a ziggurat
 77356 | Zig:14   | Found the +4 dagger "Morg" {pain, Will+ Int+5}
 77361 | Zig:14   | Reached skill level 15 in Dodging
 77450 | Zig:14   | Identified the amulet "Juor" {RegenMP +Blink rC+ Will+
                  | Regen+ Int-3}
 77503 | Zig:15   | Entered Level 15 of a ziggurat
 77535 | Zig:15   | Identified the +1 robe "Hoebiuf" {+Blink rCorr Str+2
                  | Slay-5}
 77553 | Zig:15   | Identified the amulet "Dosoyl" {RegenMP rC+ Dex+9}
 77654 | Zig:15   | Identified the +7 glaive "Ulailaup" {venom, rF++ Str+2
                  | Int-5}
 77655 | Zig:15   | Identified the +8 flail of Nyule {flame, Dex+4}
 77658 | Zig:15   | Identified the +2 buckler of Boredom {rPois MP+9}
 77660 | Zig:15   | Identified the +2 plate armour of Gestures {rPois}
 77661 | Zig:15   | Identified the +2 war axe of Vaoru Ots {flame, rF+ rCorr}
 77668 | Zig:16   | Entered Level 16 of a ziggurat
 77683 | Zig:16   | Noticed a juggernaut
 77683 | Zig:16   | Noticed a juggernaut
 77685 | Zig:16   | Found the amulet of Vitality {Regen+ HP+15}
 77689 | Zig:16   | Killed a juggernaut
 77695 | Zig:16   | Killed a juggernaut
 77780 | Zig:16   | Identified the +2 robe "Osent" {rC++ Str+4 Int+4 Dex-4}
 77873 | Zig:17   | Entered Level 17 of a ziggurat
 78089 | Zig:17   | Identified the amulet of the Mantidfly {Faith +Blink}
 78091 | Zig:17   | Identified the amulet of Fragile Peace {+Inv Fly rF- rN+
                  | Regen+}
 78159 | Zig:18   | Entered Level 18 of a ziggurat
 78171 | Zig:18   | Noticed an ancient lich
 78172 | Zig:18   | Noticed an ancient lich
 78173 | Zig:18   | Noticed an ancient lich
 78173 | Zig:18   | Noticed a dread lich
 78173 | Zig:18   | Noticed a dread lich
 78175 | Zig:18   | Killed an ancient lich
 78175 | Zig:18   | Noticed an ancient lich
 78175 | Zig:18   | Noticed a dread lich
 78176 | Zig:18   | Killed an ancient lich
 78176 | Zig:18   | Killed an ancient lich
 78176 | Zig:18   | Killed a dread lich
 78176 | Zig:18   | Noticed a dread lich
 78177 | Zig:18   | Noticed an ancient lich
 78177 | Zig:18   | Noticed a dread lich
 78177 | Zig:18   | Noticed an ancient lich
 78177 | Zig:18   | Killed a dread lich
 78178 | Zig:18   | Noticed an ancient lich
 78179 | Zig:18   | Killed an ancient lich
 78179 | Zig:18   | Killed a dread lich
 78179 | Zig:18   | Killed an ancient lich
 78180 | Zig:18   | Killed a dread lich
 78180 | Zig:18   | Killed an ancient lich
 78180 | Zig:18   | Killed a dread lich
 78185 | Zig:18   | Killed an ancient lich
 78268 | Zig:18   | Identified the ring of Oclar {rF+ rN+ Int+2}
 78278 | Zig:18   | Identified the ring of Yntikkac {rF+ Str+4 Dex+6 Stlth+}
 78280 | Zig:18   | Identified the ring of Vehumet's Delight {rN++ EV+4 Str+2
                  | Dex-2 Stlth+}
 78362 | Zig:18   | Identified the +5 glaive of Responsibility {vorpal, *Rage
                  | *Corrode rPois Int+6}
 78367 | Zig:19   | Entered Level 19 of a ziggurat
 78670 | Zig:19   | Identified the ring "Cij Zehetie" {Str+6 Dex+3}
 78673 | Zig:19   | Identified the +5 great sword of the Swamp {speed, Str+4}
 78679 | Zig:19   | Identified the +9 flail "Boupri" {antimagic, rF+ Str+3
                  | Dex-3}
 78685 | Zig:19   | Identified the +7 hand crossbow "Yreumaamele" {flame,
                  | Int+4}
 78707 | Zig:19   | Lost mutation: You are covered in fur. (AC +1) [potion of
                  | mutation]
 78707 | Zig:19   | Lost mutation: Your spells are a little harder to cast, but
                  | a little more powerful. [potion of mutation]
 78707 | Zig:19   | Gained mutation: You are dopey. (Int -2) [potion of
                  | mutation]
 78707 | Zig:19   | Gained mutation: You are very dopey. (Int -4) [potion of
                  | mutation]
 78708 | Zig:19   | Lost mutation: You are mostly covered in large bone plates.
                  | (SH +6) [potion of mutation]
 78708 | Zig:19   | Lost mutation: You are very dopey. (Int -4) [potion of
                  | mutation]
 78708 | Zig:19   | Lost mutation: Your flesh is cold resistant. (rC+) [potion
                  | of mutation]
 78708 | Zig:19   | Gained mutation: You are agile. (Dex +2) [potion of
                  | mutation]
 78708 | Zig:19   | Gained mutation: You are robust. (+10% HP) [potion of
                  | mutation]
 78709 | Zig:19   | Lost mutation: You are dopey. (Int -2) [potion of mutation]
 78709 | Zig:19   | Lost mutation: You are robust. (+10% HP) [potion of
                  | mutation]
 78709 | Zig:19   | Lost mutation: You are agile. (Dex +2) [potion of mutation]
 78709 | Zig:19   | Gained mutation: You are dopey. (Int -2) [potion of
                  | mutation]
 78709 | Zig:19   | Gained mutation: You are robust. (+10% HP) [potion of
                  | mutation]
 78709 | Zig:19   | Gained mutation: You are strong-willed. (Will+) [potion of
                  | mutation]
 78710 | Zig:19   | Lost mutation: You are dopey. (Int -2) [potion of mutation]
 78710 | Zig:19   | Lost mutation: You are partially covered in large bone
                  | plates. (SH +4) [potion of mutation]
 78710 | Zig:19   | Gained mutation: Your system is resistant to poisons.
                  | (rPois) [potion of mutation]
 78710 | Zig:19   | Gained mutation: You are weak. (Str -2) [potion of
                  | mutation]
 78710 | Zig:19   | Gained mutation: You are somewhat resistant to further
                  | mutation. [potion of mutation]
 78711 | Zig:19   | Lost mutation: You are somewhat resistant to further
                  | mutation. [potion of mutation]
 78711 | Zig:19   | Lost mutation: You are robust. (+10% HP) [potion of
                  | mutation]
 78711 | Zig:19   | Lost mutation: You are weak. (Str -2) [potion of mutation]
 78711 | Zig:19   | Gained mutation: You possess an exceptional clarity of
                  | mind. [potion of mutation]
 78711 | Zig:19   | Gained mutation: Your flesh is heat resistant. (rF+)
                  | [potion of mutation]
 78745 | Zig:20   | Entered Level 20 of a ziggurat
 78761 | Zig:20   | Noticed a royal mummy
 78762 | Zig:20   | Noticed a royal mummy
 78762 | Zig:20   | Noticed a royal mummy
 78762 | Zig:20   | Noticed a royal mummy
 78762 | Zig:20   | Noticed a royal mummy
 78765 | Zig:20   | Noticed a royal mummy
 78765 | Zig:20   | Noticed a royal mummy
 78766 | Zig:20   | Noticed a royal mummy
 78767 | Zig:20   | Killed a royal mummy
 78768 | Zig:20   | Noticed a royal mummy
 78768 | Zig:20   | Noticed a royal mummy
 78768 | Zig:20   | Noticed a royal mummy
 78768 | Zig:20   | Noticed a royal mummy
 78768 | Zig:20   | Noticed a royal mummy
 78768 | Zig:20   | Killed a royal mummy
 78768 | Zig:20   | Killed a royal mummy
 78769 | Zig:20   | Noticed a royal mummy
 78769 | Zig:20   | Noticed a royal mummy
 78777 | Zig:20   | Killed a royal mummy
 78778 | Zig:20   | Killed a royal mummy
 78779 | Zig:20   | Killed a royal mummy
 78779 | Zig:20   | Killed a royal mummy
 78779 | Zig:20   | Killed a royal mummy
 78786 | Zig:20   | Killed a royal mummy
 78788 | Zig:20   | Killed a royal mummy
 78788 | Zig:20   | Killed a royal mummy
 78789 | Zig:20   | Killed a royal mummy
 78795 | Zig:20   | Killed a royal mummy
 78795 | Zig:20   | Killed a royal mummy
 78798 | Zig:20   | Killed a royal mummy
 78828 | Zig:20   | Found the +8 trident of the Octopus King {venom, rElec
                  | rPois Will+}
 78963 | Zig:20   | Identified the ring "Erheucw" {+Blink rElec rN+ Int+6}
 79042 | Zig:20   | Identified the +4 war axe of Bowkib {freeze, rN+}
 79048 | Zig:21   | Entered Level 21 of a ziggurat
 79335 | Zig:22   | Entered Level 22 of a ziggurat
 79403 | Zig:22   | Noticed Puny the pandemonium lord
 79420 | Zig:22   | Killed Puny the pandemonium lord
 79621 | Zig:22   | Identified the ring of Propriety {Ice *Corrode +Blink Will+
                  | Str+2}
 79752 | Zig:22   | Identified the +7 hand crossbow of the Imperium {speed,
                  | Str+3}
 79753 | Zig:22   | Identified the +3 falchion of Crystal {vorpal, Drain Int+5
                  | Dex+4}
 79758 | Zig:22   | Identified the +10 halberd of Bodily Humours {holy, Int+2}
 79765 | Zig:23   | Entered Level 23 of a ziggurat
 79780 | Zig:23   | Noticed a shard shrike
 79781 | Zig:23   | Noticed a shard shrike
 79785 | Zig:23   | Killed a shard shrike
 79786 | Zig:23   | Killed a shard shrike
 79787 | Zig:23   | Noticed a shard shrike
 79788 | Zig:23   | Reached skill level 27 in Shields
 79795 | Zig:23   | Killed a shard shrike
 79795 | Zig:23   | Noticed a shard shrike
 79796 | Zig:23   | Reached skill level 27 in Stealth
 79815 | Zig:23   | Killed a shard shrike
 79976 | Zig:23   | Identified the ring "Kiul" {rPois rN++ AC+4 Dex+6}
 79985 | Zig:23   | Identified the ring of Fucsakke {Will+ Slay+3}
 79990 | Zig:23   | Identified the +3 war axe "Nizyruri" {vorpal, rN+ Will+}
 80050 | Zig:23   | Identified the +5 battleaxe of Incongruity {antimagic,
                  | Str+4 Dex+3 SInv}
 80054 | Zig:23   | Identified the +2 plate armour of Noughts and Crosses
                  | {Contam rN+ rCorr}
 80062 | Zig:24   | Entered Level 24 of a ziggurat
 80073 | Zig:24   | Noticed a royal mummy
 80075 | Zig:24   | Noticed a royal mummy
 80077 | Zig:24   | Noticed a royal mummy
 80077 | Zig:24   | Noticed a royal mummy
 80079 | Zig:24   | Noticed a royal mummy
 80079 | Zig:24   | Noticed a royal mummy
 80080 | Zig:24   | Noticed a royal mummy
 80080 | Zig:24   | Noticed a royal mummy
 80081 | Zig:24   | Noticed a royal mummy
 80082 | Zig:24   | Noticed a royal mummy
 80083 | Zig:24   | Noticed a royal mummy
 80084 | Zig:24   | Noticed a royal mummy
 80084 | Zig:24   | Noticed a royal mummy
 80084 | Zig:24   | Noticed a royal mummy
 80084 | Zig:24   | Noticed a royal mummy
 80084 | Zig:24   | Noticed a royal mummy
 80085 | Zig:24   | Killed a royal mummy
 80085 | Zig:24   | Noticed a royal mummy
 80086 | Zig:24   | Killed a royal mummy
 80086 | Zig:24   | Killed a royal mummy
 80086 | Zig:24   | Killed a royal mummy
 80086 | Zig:24   | Killed a royal mummy
 80086 | Zig:24   | Killed a royal mummy
 80086 | Zig:24   | Noticed a royal mummy
 80087 | Zig:24   | Noticed a royal mummy
 80087 | Zig:24   | Noticed a royal mummy
 80087 | Zig:24   | Noticed a royal mummy
 80088 | Zig:24   | Noticed a royal mummy
 80089 | Zig:24   | Noticed a royal mummy
 80089 | Zig:24   | Noticed a royal mummy
 80096 | Zig:24   | Killed a royal mummy
 80096 | Zig:24   | Killed a royal mummy
 80096 | Zig:24   | Killed a royal mummy
 80096 | Zig:24   | Killed a royal mummy
 80100 | Zig:24   | Killed a royal mummy
 80100 | Zig:24   | Killed a royal mummy
 80101 | Zig:24   | Killed a royal mummy
 80101 | Zig:24   | Killed a royal mummy
 80101 | Zig:24   | Killed a royal mummy
 80102 | Zig:24   | Killed a royal mummy
 80103 | Zig:24   | Killed a royal mummy
 80103 | Zig:24   | Killed a royal mummy
 80104 | Zig:24   | Killed a royal mummy
 80112 | Zig:24   | Killed a royal mummy
 80112 | Zig:24   | Killed a royal mummy
 80113 | Zig:24   | Killed a royal mummy
 80121 | Zig:24   | Killed a royal mummy
 80129 | Zig:24   | Killed a royal mummy
 80309 | Zig:24   | Identified the +1 trident of the Coin {speed, *Rage +Blink
                  | rF+ Int+2}
 80312 | Zig:24   | Identified the +5 great mace of Righteous Anger {antimagic,
                  | rPois rC++ Int+4 Dex-3}
 80356 | Zig:24   | Identified the ring "Vaokun" {rCorr Int+6 Slay+2}
 80468 | Zig:24   | Identified the +2 tower shield "Ciolir" {rF+ Will+}
 80486 | Zig:25   | Entered Level 25 of a ziggurat
 80834 | Zig:25   | Identified the +8 morningstar of the Reaper {flame, rCorr}
 80841 | Zig:25   | Identified the +8 falchion of Suicidal Tendencies {flame,
                  | +Blink rN+++ Will- Int+3}
 80842 | Zig:25   | Identified the +7 ring mail "Bamnoguc" {rElec rF+}
 80854 | Zig:26   | Entered Level 26 of a ziggurat
 80885 | Zig:26   | Reached skill level 27 in Fighting
 80885 | Zig:26   | Reached skill level 27 in Armour
 81094 | Zig:26   | Identified the +5 long sword "Nuix Dilapn" {protect, SInv}
 81180 | Zig:26   | Identified the +9 plate armour "Roiv Miyt" {rN+}
 81187 | Zig:26   | Identified the +7 flail "Yzatuh" {pain, Drain Str+5 Int+3}
 81200 | Zig:27   | Entered Level 27 of a ziggurat
 81216 | Zig:27   | Noticed a shard shrike
 81216 | Zig:27   | Noticed a shard shrike
 81217 | Zig:27   | Noticed a shard shrike
 81220 | Zig:27   | Noticed a shard shrike
 81221 | Zig:27   | Killed a shard shrike
 81222 | Zig:27   | Killed a shard shrike
 81222 | Zig:27   | Killed a shard shrike
 81227 | Zig:27   | Noticed a shard shrike
 81227 | Zig:27   | Noticed a shard shrike
 81230 | Zig:27   | Killed a shard shrike
 81231 | Zig:27   | Noticed a shard shrike
 81232 | Zig:27   | Killed a shard shrike
 81232 | Zig:27   | Noticed a shard shrike
 81238 | Zig:27   | Noticed a shard shrike
 81238 | Zig:27   | Noticed a shard shrike
 81238 | Zig:27   | Noticed a shard shrike
 81238 | Zig:27   | Noticed a shard shrike
 81240 | Zig:27   | Killed a shard shrike
 81240 | Zig:27   | Killed a shard shrike
 81241 | Zig:27   | Noticed a shard shrike
 81241 | Zig:27   | Killed a shard shrike
 81241 | Zig:27   | Noticed a shard shrike
 81242 | Zig:27   | Noticed a shard shrike
 81242 | Zig:27   | Noticed a shard shrike
 81246 | Zig:27   | Killed a shard shrike
 81246 | Zig:27   | Killed a shard shrike
 81248 | Zig:27   | Killed a shard shrike
 81249 | Zig:27   | Killed a shard shrike
 81280 | Zig:27   | Killed a shard shrike
 81280 | Zig:27   | Killed a shard shrike
 81280 | Zig:27   | Killed a shard shrike
 81281 | Zig:27   | Killed a shard shrike
 81282 | Zig:27   | Reached skill level 27 in Evocations
 81501 | Zig:27   | Identified the ring of Sif Muna's Wrath {rPois Int+4 Dex+6}
 81503 | Zig:27   | Identified the amulet of Eternity {Harm Will+ Regen+ Str+6}
 81591 | Zig:27   | Identified the +9 flail of the Devouring Madman {freeze,
                  | rC+}
 81593 | Zig:27   | Identified the +1 hand axe of Instant Death {flame, Int+3}
 81640 | Zig:1    | Entered Level 1 of a ziggurat
 81658 | Zig:2    | Entered Level 2 of a ziggurat
 81690 | Zig:3    | Entered Level 3 of a ziggurat
 81741 | Zig:4    | Entered Level 4 of a ziggurat
 81789 | Zig:5    | Entered Level 5 of a ziggurat
 81861 | Zig:5    | Identified the +6 trident of Anxiety {speed, *Noise rPois
                  | rC+++}
 81865 | Zig:6    | Entered Level 6 of a ziggurat
 81868 | Zig:6    | Found the +9 staff of Wucad Mu {*channel}
 81944 | Zig:6    | Identified the +3 leather armour of the Eagle {Contam +Inv
                  | rC+++ Will+}
 81953 | Zig:7    | Entered Level 7 of a ziggurat
 82002 | Zig:7    | Identified the +3 scale mail of Tedam {rElec Will++}
 82037 | Zig:7    | Identified the +9 arbalest of Jiledgh {freeze, Contam rElec
                  | SInv}
 82052 | Zig:8    | Entered Level 8 of a ziggurat
 82058 | Zig:8    | Noticed a royal mummy
 82059 | Zig:8    | Noticed a royal mummy
 82059 | Zig:8    | Noticed a royal mummy
 82061 | Zig:8    | Noticed a royal mummy
 82065 | Zig:8    | Noticed a royal mummy
 82076 | Zig:8    | Killed a royal mummy
 82076 | Zig:8    | Killed a royal mummy
 82076 | Zig:8    | Killed a royal mummy
 82085 | Zig:8    | Killed a royal mummy
 82089 | Zig:8    | Killed a royal mummy
 82103 | Zig:8    | Found the +6 Majin-Bo {vamp, MP+6 Int+6}
 82225 | Zig:9    | Entered Level 9 of a ziggurat
 82341 | Zig:9    | Identified the +9 falchion of Celinu {venom, rCorr}
 82343 | Zig:9    | Identified the +7 trident of Doimedgh {drain, Drain rElec
                  | rF+ Int+6}
 82351 | Zig:9    | Identified the +6 battleaxe of Valour {drain, Int+4}
 82358 | Zig:10   | Entered Level 10 of a ziggurat
 82526 | Zig:11   | Entered Level 11 of a ziggurat
 82531 | Zig:11   | Noticed a dread lich
 82532 | Zig:11   | Noticed an ancient lich
 82532 | Zig:11   | Noticed a dread lich
 82533 | Zig:11   | Noticed a dread lich
 82534 | Zig:11   | Noticed a dread lich
 82534 | Zig:11   | Noticed an ancient lich
 82534 | Zig:11   | Noticed a dread lich
 82538 | Zig:11   | Killed an ancient lich
 82539 | Zig:11   | Killed a dread lich
 82539 | Zig:11   | Killed a dread lich
 82539 | Zig:11   | Killed a dread lich
 82539 | Zig:11   | Killed a dread lich
 82540 | Zig:11   | Reached skill level 27 in Dodging
 82546 | Zig:11   | Killed a dread lich
 82549 | Zig:11   | Killed an ancient lich
 82569 | Zig:11   | Identified the amulet "Hapyebb" {Regen+ rCorr Int+2}
 82579 | Zig:11   | Identified the +5 ring mail of Egalitarianism {Stlth+}
 82662 | Zig:12   | Entered Level 12 of a ziggurat
 82671 | Zig:12   | Found the +6 shillelagh "Devastator" {shatter}
 82695 | Zig:12   | Found the +8 glaive of the Guard {elec, spectral, AC+5}
 82846 | Zig:13   | Entered Level 13 of a ziggurat
 82859 | Zig:13   | Noticed a juggernaut
 82888 | Zig:13   | Killed a juggernaut
 83072 | Zig:13   | Identified the +0 pair of gloves "Watzong" {Int+4}
 83086 | Zig:13   | Identified the +3 halberd of Perversion {protect, +Blink}
 83092 | Zig:14   | Entered Level 14 of a ziggurat
 83129 | Zig:14   | Reached skill level 27 in Spellcasting
 83261 | Zig:14   | Identified the +1 scale mail "Ymele" {Rampage rN+ Will+++
                  | Str-5 Stlth-}
 83263 | Zig:14   | Identified the ring of Darkness {Contam rF+ Will+ EV+4}
 83303 | Zig:15   | Entered Level 15 of a ziggurat
 83378 | Zig:15   | Identified the +12 quarterstaff "Ybienn Iremn" {speed,
                  | Int+5}
 83379 | Zig:15   | Identified the ring of the Commoners {Fly rN++ Will+ Int-4
                  | SInv}
 83529 | Zig:15   | Identified the +9 scythe of Defiance {antimagic, rElec
                  | rPois Int+2}
 83537 | Zig:15   | Identified the +7 halberd "Embalmer" {vorpal, rN++ Str+3
                  | Int-3 SInv}
 83542 | Zig:16   | Entered Level 16 of a ziggurat
 83555 | Zig:16   | Noticed an ancient lich
 83557 | Zig:16   | Reached skill level 15 in Fire Magic
 83557 | Zig:16   | Noticed an ancient lich
 83560 | Zig:16   | Noticed an ancient lich
 83563 | Zig:16   | Killed an ancient lich
 83564 | Zig:16   | Killed an ancient lich
 83576 | Zig:16   | Killed an ancient lich
 83706 | Zig:16   | Identified the +7 longbow of Frustration {vorpal, rCorr}
 83743 | Zig:16   | Identified the +9 flail of Oleuvo {vorpal, *Slow rPois
                  | Int+5 Dex+3}
 83746 | Zig:17   | Entered Level 17 of a ziggurat
 83753 | Zig:17   | Noticed a dread lich
 83755 | Zig:17   | Noticed an ancient lich
 83756 | Zig:17   | Noticed a dread lich
 83760 | Zig:17   | Killed a dread lich
 83760 | Zig:17   | Killed an ancient lich
 83764 | Zig:17   | Noticed a dread lich
 83765 | Zig:17   | Noticed a dread lich
 83766 | Zig:17   | Noticed a dread lich
 83768 | Zig:17   | Killed a dread lich
 83770 | Zig:17   | Noticed a dread lich
 83772 | Zig:17   | Killed a dread lich
 83772 | Zig:17   | Killed a dread lich
 83772 | Zig:17   | Killed a dread lich
 83779 | Zig:17   | Killed a dread lich
 83950 | Zig:18   | Entered Level 18 of a ziggurat
 83959 | Zig:18   | Noticed a dread lich
 83961 | Zig:18   | Noticed an ancient lich
 83965 | Zig:18   | Noticed a dread lich
 83965 | Zig:18   | Killed a dread lich
 83966 | Zig:18   | Found the +3 salamander hide armour {Flames rF++ rC--}
 83967 | Zig:18   | Killed an ancient lich
 83976 | Zig:18   | Killed a dread lich
 84170 | Zig:18   | Identified the +6 morningstar of Indomitability {flame,
                  | rPois Will- MP+9 Dex+7}
 84206 | Zig:18   | Learned a level 8 spell: Maxwell's Capacitive Coupling
 84213 | Zig:19   | Entered Level 19 of a ziggurat
 84225 | Zig:19   | Noticed a shard shrike
 84227 | Zig:19   | Noticed a shard shrike
 84227 | Zig:19   | Noticed a shard shrike
 84231 | Zig:19   | Killed a shard shrike
 84231 | Zig:19   | Killed a shard shrike
 84231 | Zig:19   | Noticed a shard shrike
 84248 | Zig:19   | Killed a shard shrike
 84251 | Zig:19   | Killed a shard shrike
 84411 | Zig:19   | Identified the ring of Pessimism {rPois rF+}
 84487 | Zig:19   | Identified the +3 scimitar of the Devouring Shark {elec,
                  | *Slow rCorr Str+2}
 84490 | Zig:19   | Identified the +10 dagger of Famine {distort, Int+3}
 84497 | Zig:19   | Identified the +4 glaive of Analysis {protect, Fragile
                  | Dex+5}
 84503 | Zig:20   | Entered Level 20 of a ziggurat
 84519 | Zig:20   | Noticed a juggernaut
 84519 | Zig:20   | Noticed a juggernaut
 84519 | Zig:20   | Noticed a juggernaut
 84520 | Zig:20   | Noticed a juggernaut
 84525 | Zig:20   | Noticed a juggernaut
 84527 | Zig:20   | Noticed a juggernaut
 84528 | Zig:20   | Noticed a juggernaut
 84530 | Zig:20   | Killed a juggernaut
 84530 | Zig:20   | Killed a juggernaut
 84531 | Zig:20   | Killed a juggernaut
 84531 | Zig:20   | Killed a juggernaut
 84533 | Zig:20   | Killed a juggernaut
 84537 | Zig:20   | Killed a juggernaut
 84541 | Zig:20   | Killed a juggernaut
 84562 | Zig:20   | Found the +5 scythe "Finisher" {speed, eviscerate}
 84732 | Zig:20   | Identified the ring "Oraent" {rPois rF- rN++ rCorr Dex+2}
 84743 | Zig:20   | Identified the ring of Okawaru's Regard {rF+ MP+9 Int+2}
 84801 | Zig:21   | Entered Level 21 of a ziggurat
 85107 | Zig:21   | Identified the +5 chain mail of Kaevuvet {rElec Will+
                  | Slay+3 SInv}
 85108 | Zig:21   | Identified the +1 great sword of the Hungering Fool {drain,
                  | rC+++ Str+2 Int-3 SInv}
 85115 | Zig:22   | Entered Level 22 of a ziggurat
 85150 | Zig:22   | Noticed Enepobok the pandemonium lord
 85157 | Zig:22   | Found the ring of Shadows {Umbra +Inv Stlth+}
 85162 | Zig:22   | Killed Enepobok the pandemonium lord
 85346 | Zig:22   | Identified the ring "Atwuv" {Will+ AC+4 Str+5 Dex-3}
 85424 | Zig:22   | Identified the +9 hand crossbow "Dragon's Tongue" {elec,
                  | Int+3}
 85431 | Zig:22   | Identified the amulet "Dimius" {Spirit *Corrode rElec Will+
                  | Int+4}
 85478 | Zig:23   | Entered Level 23 of a ziggurat
 85500 | Zig:23   | Noticed a dread lich
 85503 | Zig:23   | Noticed an ancient lich
 85503 | Zig:23   | Noticed a dread lich
 85504 | Zig:23   | Noticed a dread lich
 85506 | Zig:23   | Noticed a dread lich
 85506 | Zig:23   | Noticed an ancient lich
 85507 | Zig:23   | Noticed a dread lich
 85509 | Zig:23   | Noticed a dread lich
 85510 | Zig:23   | Killed an ancient lich
 85510 | Zig:23   | Killed a dread lich
 85512 | Zig:23   | Noticed an ancient lich
 85515 | Zig:23   | Noticed a dread lich
 85516 | Zig:23   | Noticed a dread lich
 85518 | Zig:23   | Killed a dread lich
 85519 | Zig:23   | Noticed an ancient lich
 85520 | Zig:23   | Killed a dread lich
 85520 | Zig:23   | Killed a dread lich
 85520 | Zig:23   | Killed a dread lich
 85522 | Zig:23   | Killed an ancient lich
 85524 | Zig:23   | Killed a dread lich
 85535 | Zig:23   | Killed an ancient lich
 85535 | Zig:23   | Killed a dread lich
 85535 | Zig:23   | Killed an ancient lich
 85539 | Zig:23   | Killed a dread lich
 85575 | Zig:23   | Found the +7 pair of quick blades "Gyre" and "Gimble"
                  | {protect}
 85647 | Zig:23   | Identified the +9 hunting sling of Indomitability {freeze,
                  | Int+2}
 85648 | Zig:23   | Identified the ring of Divine Compulsion {Drain rElec MP+9
                  | Dex+7}
 85708 | Zig:23   | Identified the ring "Lediw" {Will+ SInv Stlth+}
 85746 | Zig:23   | Identified the ring of Irhovvaw {rPois Dex+2 SInv}
 85800 | Zig:23   | Identified the +2 double sword "Orb Guardian's Bane"
                  | {vorpal, rC+ Will+ Int+3}
 85809 | Zig:24   | Entered Level 24 of a ziggurat
 86105 | Zig:24   | Identified the +8 battleaxe "Hoegebla" {antimagic, rF-
                  | Int+7 Dex+3}
 86110 | Zig:25   | Entered Level 25 of a ziggurat
 86132 | Zig:25   | Reached skill level 27 in Air Magic
 86153 | Zig:25   | Found the +8 arc blade {discharge, rElec}
 86175 | Zig:25   | Reached skill level 27 in Throwing
 86237 | Zig:25   | Identified the ring "Uwayxudgh" {Will- rCorr Str+7 Int+3}
 86240 | Zig:25   | Identified the amulet "Plog" {Reflect rC+ SH+5}
 86241 | Zig:25   | Identified the +1 ring mail "Osoipliu" {rN+ Will- Regen+}
 86247 | Zig:25   | Identified the amulet "Zuxzebb" {Reflect -Cast rN++ Dex+5
                  | SH+5}
 86249 | Zig:25   | Identified the +12 long sword of the Destroying Lamprey
                  | {flame, rElec rN+}
 86582 | Zig:26   | Entered Level 26 of a ziggurat
 86596 | Zig:26   | Noticed Qelley the pandemonium lord
 86598 | Zig:26   | Noticed Zopopser the pandemonium lord
 86598 | Zig:26   | Noticed a Killer Klown
 86599 | Zig:26   | Noticed Liefiude the pandemonium lord
 86600 | Zig:26   | Noticed Pakoiw the pandemonium lord
 86609 | Zig:26   | Noticed Urenixtos the pandemonium lord
 86616 | Zig:26   | Killed Qelley the pandemonium lord
 86616 | Zig:26   | Noticed Lephocwo the pandemonium lord
 86616 | Zig:26   | Noticed a Killer Klown
 86617 | Zig:26   | Killed Pakoiw the pandemonium lord
 86618 | Zig:26   | Noticed Woup Zie the pandemonium lord
 86618 | Zig:26   | Noticed Meskeu the pandemonium lord
 86618 | Zig:26   | Killed Urenixtos the pandemonium lord
 86618 | Zig:26   | Killed Liefiude the pandemonium lord
 86618 | Zig:26   | Killed a Killer Klown
 86618 | Zig:26   | Killed a Killer Klown
 86619 | Zig:26   | Reached skill level 27 in Conjurations
 86619 | Zig:26   | Killed Meskeu the pandemonium lord
 86622 | Zig:26   | Noticed a Killer Klown
 86623 | Zig:26   | Killed Woup Zie the pandemonium lord
 86623 | Zig:26   | Noticed Fucatex the pandemonium lord
 86623 | Zig:26   | Noticed Doazxas the pandemonium lord
 86629 | Zig:26   | Noticed a Killer Klown
 86629 | Zig:26   | Noticed Nyretoeng the pandemonium lord
 86637 | Zig:26   | Noticed a Killer Klown
 86637 | Zig:26   | Noticed a Killer Klown
 86637 | Zig:26   | Killed a Killer Klown
 86637 | Zig:26   | Killed Lephocwo the pandemonium lord
 86638 | Zig:26   | Killed a Killer Klown
 86639 | Zig:26   | Killed a Killer Klown
 86639 | Zig:26   | Killed a Killer Klown
 86643 | Zig:26   | Killed Doazxas the pandemonium lord
 86646 | Zig:26   | Killed Fucatex the pandemonium lord
 86646 | Zig:26   | Killed Nyretoeng the pandemonium lord
 86651 | Zig:26   | Noticed a Killer Klown
 86653 | Zig:26   | Noticed a Killer Klown
 86654 | Zig:26   | Killed a Killer Klown
 86655 | Zig:26   | Noticed Ucaatz the pandemonium lord
 86656 | Zig:26   | Killed a Killer Klown
 86656 | Zig:26   | Noticed Onuseyh the pandemonium lord
 86657 | Zig:26   | Noticed Ciloulode the pandemonium lord
 86657 | Zig:26   | Noticed Rull the pandemonium lord
 86657 | Zig:26   | Noticed Demmuosimn the pandemonium lord
 86657 | Zig:26   | Noticed a Killer Klown
 86658 | Zig:26   | Noticed Lianuyh the pandemonium lord
 86659 | Zig:26   | Noticed a Killer Klown
 86659 | Zig:26   | Noticed Ebriz the pandemonium lord
 86661 | Zig:26   | Noticed Pukhialist the pandemonium lord
 86661 | Zig:26   | Noticed Acsirhegom the pandemonium lord
 86661 | Zig:26   | Noticed Vezingad the pandemonium lord
 86661 | Zig:26   | Noticed Patumedu the pandemonium lord
 86661 | Zig:26   | Noticed a Killer Klown
 86662 | Zig:26   | Noticed Wiplal the pandemonium lord
 86662 | Zig:26   | Noticed Padaadio the pandemonium lord
 86663 | Zig:26   | Killed Onuseyh the pandemonium lord
 86663 | Zig:26   | Noticed Busia the pandemonium lord
 86664 | Zig:26   | Killed a Killer Klown
 86665 | Zig:26   | Noticed Zeduzxom the pandemonium lord
 86665 | Zig:26   | Killed Zopopser the pandemonium lord
 86665 | Zig:26   | Killed Lianuyh the pandemonium lord
 86665 | Zig:26   | Killed Ciloulode the pandemonium lord
 86665 | Zig:26   | Killed Ucaatz the pandemonium lord
 86666 | Zig:26   | Killed Rull the pandemonium lord
 86666 | Zig:26   | Noticed Uhuen the pandemonium lord
 86667 | Zig:26   | Noticed Tikent the pandemonium lord
 86667 | Zig:26   | Killed a Killer Klown
 86667 | Zig:26   | Killed a Killer Klown
 86667 | Zig:26   | Noticed a Killer Klown
 86667 | Zig:26   | Noticed Keuzxazoti the pandemonium lord
 86668 | Zig:26   | Reached skill level 27 in Fire Magic
 86668 | Zig:26   | Reached skill level 1 in Staves
 86668 | Zig:26   | Noticed Muyppoch the pandemonium lord
 86669 | Zig:26   | Noticed a Killer Klown
 86669 | Zig:26   | Noticed Mal Fetuwogg the pandemonium lord
 86671 | Zig:26   | Noticed Elumeb the pandemonium lord
 86672 | Zig:26   | Noticed Fan Mav the pandemonium lord
 86672 | Zig:26   | Noticed Genninoy the pandemonium lord
 86672 | Zig:26   | Killed Patumedu the pandemonium lord
 86673 | Zig:26   | Noticed Mirphuyn the pandemonium lord
 86673 | Zig:26   | Noticed Yneis the pandemonium lord
 86673 | Zig:26   | Killed a Killer Klown
 86674 | Zig:26   | Noticed Tizixas the pandemonium lord
 86674 | Zig:26   | Noticed Pevoroa the pandemonium lord
 86675 | Zig:26   | Noticed Ontifo the pandemonium lord
 86675 | Zig:26   | Noticed a Killer Klown
 86675 | Zig:26   | Killed Uhuen the pandemonium lord
 86675 | Zig:26   | Killed Wiplal the pandemonium lord
 86676 | Zig:26   | Killed Muyppoch the pandemonium lord
 86676 | Zig:26   | Killed a Killer Klown
 86676 | Zig:26   | Killed Tikent the pandemonium lord
 86676 | Zig:26   | Killed Acsirhegom the pandemonium lord
 86676 | Zig:26   | Killed Keuzxazoti the pandemonium lord
 86676 | Zig:26   | Killed a Killer Klown
 86676 | Zig:26   | Killed Yneis the pandemonium lord
 86677 | Zig:26   | Killed Genninoy the pandemonium lord
 86677 | Zig:26   | Killed Elumeb the pandemonium lord
 86677 | Zig:26   | Killed Mirphuyn the pandemonium lord
 86677 | Zig:26   | Killed Padaadio the pandemonium lord
 86677 | Zig:26   | Killed Tizixas the pandemonium lord
 86677 | Zig:26   | Killed Zeduzxom the pandemonium lord
 86677 | Zig:26   | Killed Demmuosimn the pandemonium lord
 86677 | Zig:26   | Noticed a Killer Klown
 86677 | Zig:26   | Noticed Woehokae the pandemonium lord
 86677 | Zig:26   | Noticed a Killer Klown
 86678 | Zig:26   | Noticed Efuff the pandemonium lord
 86678 | Zig:26   | Noticed Kiuxan the pandemonium lord
 86679 | Zig:26   | Noticed Esauf the pandemonium lord
 86680 | Zig:26   | Noticed Goevo the pandemonium lord
 86681 | Zig:26   | Killed Mal Fetuwogg the pandemonium lord
 86682 | Zig:26   | Reached skill level 10 in Staves
 86683 | Zig:26   | Killed Vezingad the pandemonium lord
 86683 | Zig:26   | Killed a Killer Klown
 86684 | Zig:26   | Killed Fan Mav the pandemonium lord
 86684 | Zig:26   | Killed Ontifo the pandemonium lord
 86684 | Zig:26   | Killed Pevoroa the pandemonium lord
 86685 | Zig:26   | Killed Ebriz the pandemonium lord
 86691 | Zig:26   | Killed Busia the pandemonium lord
 86694 | Zig:26   | Killed Pukhialist the pandemonium lord
 86696 | Zig:26   | Killed a Killer Klown
 86702 | Zig:26   | Killed Goevo the pandemonium lord
 86704 | Zig:26   | Killed Kiuxan the pandemonium lord
 86705 | Zig:26   | Killed Woehokae the pandemonium lord
 86706 | Zig:26   | Killed Esauf the pandemonium lord
 86720 | Zig:26   | Killed Efuff the pandemonium lord
 86889 | Zig:26   | Found the +10 zealot's sword {holy, *Rage rN+ EV+3}
 86899 | Zig:26   | Identified the amulet of the Clam {Faith -Tele rC++ Int+6}
 86913 | Zig:26   | Identified the +5 morningstar of the Tundras {venom, rC+++
                  | rN+++ Will- Str-5}
 87027 | Zig:26   | Identified the +4 chain mail of the Lumpy Nightcaps {+Inv
                  | Regen+ Int-2 Dex-5}
 87031 | Zig:26   | Identified the +0 cloak "Sestro Ekazy" {rC+}
 87033 | Zig:26   | Identified the +1 leather armour of Restlessness {Will+
                  | Str+6 Slay-3}
 87034 | Zig:26   | Identified the +3 leather armour of Houfoklu {-Tele rElec
                  | Int+3 Slay+2}
 87046 | Zig:27   | Entered Level 27 of a ziggurat
 87095 | Zig:27   | Reached skill level 15 in Staves
 87136 | Zig:27   | Found the +3 pair of gauntlets of War {Slay+5}
 87423 | Zig:27   | Identified the +11 great sword "Yshrog" {freeze, +Blink}
 87617 | Tomb:3   | Bought an ichor-stained cloak for 456 gold pieces
 87617 | Tomb:3   | Identified the +0 cloak of Cuxapoc {rPois Slay+2} (You
                  | bought it in a shop on level 3 of the Tomb of the Ancients)
 88065 | Slime:1  | Entered Level 1 of the Pits of Slime
 88070 | Slime:1  | You fall into a shaft and drop 1 floor!
 88073 | Slime:2  | You fall into a shaft and drop 2 floors!
 88076 | Slime:4  | You fall into a shaft and drop 1 floor!
 88076 | Slime:5  | Entered Level 5 of the Pits of Slime
 88084 | Slime:5  | Noticed the Royal Jelly
 88085 | Slime:5  | Found a viscous altar of Jiyva.
 88096 | Slime:5  | Killed the Royal Jelly
 88135 | Slime:5  | Got a slimy rune of Zot
 88136 | Slime:5  | Identified the +9 glaive "Alataptu" {freeze, Will+ rCorr
                  | Dex+3}
 88137 | Slime:5  | Identified the +1 dagger of Faruupha {freeze, rElec rPois
                  | rF- Dex+2}
 88160 | Slime:5  | Identified the +4 great mace "Bystoal" {pain, Int+3}
 88930 | Depths:1 | Entered Level 1 of the Depths
 88965 | Depths:1 | Found a gateway to Hell.
 88975 | Hell     | Entered the Vestibule of Hell
 88975 | Hell     | Noticed Geryon
 88992 | Hell     | Killed Geryon
 89227 | Hell     | Found a gateway to the ashen valley of Gehenna.
 89252 | Geh:1    | Entered Level 1 of Gehenna
 89252 | Geh:1    | Found a gateway to Hell.
 89256 | Geh:1    | You fall into a shaft and drop 1 floor!
 89256 | Geh:2    | Found a gateway to Hell.
 89256 | Geh:2    | Found a gateway to Hell.
 89259 | Geh:2    | You fall into a shaft and drop 1 floor!
 89262 | Geh:3    | You fall into a shaft and drop 3 floors!
 89431 | Geh:6    | You fall into a shaft and drop 1 floor!
 89431 | Geh:7    | Entered Level 7 of Gehenna
 89799 | Geh:7    | Found the +7 sceptre of Asmodeus
 89799 | Geh:7    | Noticed Asmodeus
 89824 | Geh:7    | Killed Asmodeus
 89831 | Geh:7    | Found the brooch of Shielding {Spirit SH+8}
 89998 | Geh:7    | Got an obsidian rune of Zot
 90219 | Geh:7    | Found a gateway to Hell.
 90220 | Geh:7    | Found a gateway to Hell.
 90220 | Geh:7    | Found a gateway to Hell.
 90263 | Hell     | Found a gateway to the Iron City of Dis.
 90277 | Dis:1    | Entered Level 1 of the Iron City of Dis
 90277 | Dis:1    | Found a gateway to Hell.
 90281 | Dis:1    | You fall into a shaft and drop 1 floor!
 90284 | Dis:2    | You fall into a shaft and drop 1 floor!
 90284 | Dis:3    | Found a gateway to Hell.
 90287 | Dis:3    | You fall into a shaft and drop 2 floors!
 90290 | Dis:5    | You fall into a shaft and drop 1 floor!
 90293 | Dis:6    | You fall into a shaft and drop 1 floor!
 90293 | Dis:7    | Entered Level 7 of the Iron City of Dis
 90325 | Dis:7    | Found a gateway to Hell.
 90500 | Dis:7    | Learned a level 2 spell: Sublimation of Blood
 90684 | Dis:7    | Found the +4 staff of Dispater
 90684 | Dis:7    | Noticed Dispater
 90708 | Dis:7    | Killed Dispater
 90765 | Dis:7    | Got an iron rune of Zot
 90851 | Hell     | Found a gateway to the freezing wastes of Cocytus.
 90860 | Coc:1    | Entered Level 1 of Cocytus
 90860 | Coc:1    | Found a gateway to Hell.
 90867 | Coc:1    | You fall into a shaft and drop 1 floor!
 90870 | Coc:2    | You fall into a shaft and drop 2 floors!
 90878 | Coc:4    | You fall into a shaft and drop 2 floors!
 90881 | Coc:6    | You fall into a shaft and drop 1 floor!
 90881 | Coc:7    | Entered Level 7 of Cocytus
 90926 | Coc:7    | Noticed a shard shrike
 90926 | Coc:7    | Noticed a shard shrike
 90927 | Coc:7    | Noticed a shard shrike
 90927 | Coc:7    | Noticed a shard shrike
 90937 | Coc:7    | Killed a shard shrike
 90937 | Coc:7    | Killed a shard shrike
 90938 | Coc:7    | Killed a shard shrike
 90939 | Coc:7    | Killed a shard shrike
 90978 | Coc:7    | Noticed Antaeus
 90989 | Coc:7    | Reached skill level 27 in Necromancy
 91004 | Coc:7    | Killed Antaeus
 91050 | Coc:7    | Got an icy rune of Zot
 91131 | Coc:7    | Noticed a shard shrike
 91137 | Coc:7    | Killed a shard shrike
 91141 | Coc:7    | Found a gateway to Hell.
 91143 | Coc:7    | Found a gateway to Hell.
 91143 | Coc:7    | Found a gateway to Hell.
 91196 | Hell     | Found a gateway to the decaying netherworld of Tartarus.
 91205 | Tar:1    | Entered Level 1 of Tartarus
 91205 | Tar:1    | Found a gateway to Hell.
 91209 | Tar:1    | You fall into a shaft and drop 1 floor!
 91212 | Tar:2    | You fall into a shaft and drop 1 floor!
 91215 | Tar:3    | You fall into a shaft and drop 3 floors!
 91218 | Tar:6    | You fall into a shaft and drop 1 floor!
 91218 | Tar:7    | Entered Level 7 of Tartarus
 91218 | Tar:7    | Noticed Ereshkigal
 91226 | Tar:7    | Found the +10 tower shield of Ignorance {rN+ Int-4}
 91226 | Tar:7    | Noticed the Serpent of Hell
 91233 | Tar:7    | Identified the ring of Darkness {Wiz Dex+2}
 91237 | Tar:7    | Identified the +5 hand axe "Zibag" {pain, rPois Dex+6}
 91247 | Tar:7    | Got a bone rune of Zot
 91258 | Tar:7    | Killed Ereshkigal
 91300 | Tar:7    | Killed the Serpent of Hell
 91399 | Tar:7    | Reached skill level 27 in Transmutations
 91436 | Tar:7    | Found a gateway to Hell.
 91490 | Depths:1 | Found Ruet's Antique Armour Emporium.
 91511 | Depths:2 | Noticed Nikola
 91519 | Depths:2 | Killed Nikola
 91538 | Depths:2 | You are sucked into a shaft and drop 1 floor!
 91576 | Depths:3 | Found a one-way gate leading to the halls of Pandemonium.
 91582 | Depths:3 | Identified the +0 pair of gloves "Foppu" {Harm Rampage
                  | Int+6 Slay-5}
 91587 | Pan      | Entered Pandemonium
 91646 | Pan      | Noticed Viebuon the pandemonium lord
 91744 | Pan      | Found a glowing silver altar of Zin.
 92120 | Pan      | Noticed a seraph
 92126 | Pan      | Found a glowing golden altar of the Shining One.
 92128 | Pan      | Killed a seraph
 92171 | Pan      | Got a demonic rune of Zot
 92240 | Pan      | Identified the +8 long sword "Rummage" {flame, Fly MP+9
                  | Str+7 Int-3}
 92463 | Pan      | Entered the realm of Cerebov.
 92463 | Pan      | Found an exit through the horrors of the Abyss.
 92543 | Pan      | Found the +6 sword of Cerebov {flame}
 92543 | Pan      | Noticed Cerebov
 92574 | Pan      | Killed Cerebov
 92692 | Pan      | Identified the +11 hunting sling of Hoiq {venom, rF+ rCorr
                  | MP+9 Str+4}
 92741 | Pan      | Got a fiery rune of Zot
 92757 | Pan      | Identified the ring of Heczyunn {rPois rN+ Int-2 SInv
                  | Stlth+}
 92780 | Pan      | Identified the amulet of the Eight Glowing Mice {Reflect
                  | rC+ Will+ rCorr MP+9 SH+5}
 92880 | Pan      | Noticed Amotunk the pandemonium lord
 92919 | Pan      | Killed Amotunk the pandemonium lord
 93078 | Pan      | Noticed Vohaust the pandemonium lord
 93100 | Pan      | Killed Vohaust the pandemonium lord
 93169 | Pan      | Entered the realm of Lom Lobon.
 93173 | Pan      | Noticed Lom Lobon
 93197 | Pan      | Killed Lom Lobon
 93200 | Pan      | Got a magical rune of Zot
 93331 | Pan      | Noticed Gogaom the pandemonium lord
 93341 | Pan      | Killed Gogaom the pandemonium lord
 93349 | Pan      | Entered the realm of Gloorx Vloq.
 93389 | Pan      | Noticed Gloorx Vloq
 93401 | Pan      | Killed Gloorx Vloq
 93402 | Pan      | Reached skill level 27 in Staves
 93402 | Pan      | Reached skill level 1 in Short Blades
 93402 | Pan      | Reached skill level 1 in Axes
 93402 | Pan      | Reached skill level 1 in Crossbows
 93402 | Pan      | Reached skill level 1 in Unarmed Combat
 93402 | Pan      | Reached skill level 1 in Translocations
 93405 | Pan      | Reached skill level 1 in Long Blades
 93409 | Pan      | Got a dark rune of Zot
 93434 | Pan      | Entered the realm of Mnoleg.
 93473 | Pan      | Found an exit through the horrors of the Abyss.
 93524 | Pan      | Reached skill level 5 in Poison Magic
 93536 | Pan      | Noticed Mnoleg
 93543 | Pan      | Reached skill level 5 in Bows
 93570 | Pan      | Killed Mnoleg
 93598 | Pan      | Got a glowing rune of Zot
 93687 | Pan      | Took an exit into the Abyss.
 93687 | Abyss:1  | Escaped into the Abyss
 93720 | Abyss:1  | Reached skill level 5 in Axes
 93769 | Abyss:1  | Reached skill level 5 in Short Blades
 93769 | Abyss:1  | Reached skill level 5 in Crossbows
 93784 | Abyss:1  | Reached skill level 5 in Unarmed Combat
 93830 | Abyss:1  | Found a corrupted altar of Lugonu.
 93981 | Abyss:1  | Noticed a dread lich
 94039 | Abyss:1  | Reached skill level 5 in Translocations
 94166 | Abyss:1  | Found a runed translucent door.
 94305 | Abyss:2  | Found a corrupted altar of Lugonu.
 94527 | Abyss:2  | Found a corrupted altar of Lugonu.
 94644 | Abyss:2  | Found a corrupted altar of Lugonu.
 95085 | Abyss:3  | Got an abyssal rune of Zot
 95149 | Depths:3 | Escaped the Abyss
 95272 | Depths:3 | Reached skill level 10 in Poison Magic
 95278 | Depths:3 | Reached skill level 5 in Long Blades
 95303 | Depths:3 | Noticed a dread lich
 95304 | Depths:3 | Noticed Xtahua
 95334 | Depths:3 | Killed Xtahua
 95362 | Depths:3 | Killed a dread lich
 95475 | Depths:3 | You fall into a shaft and drop 2 floors!
 95475 | Depths:5 | Entered Level 5 of the Depths
 95483 | Depths:5 | Found a gate to the Realm of Zot.
 95488 | Zot:1    | Entered Level 1 of the Realm of Zot
 95492 | Zot:1    | You fall into a shaft and drop 1 floor!
 95495 | Zot:2    | You fall into a shaft and drop 1 floor!
 95498 | Zot:3    | You fall into a shaft and drop 1 floor!
 95501 | Zot:4    | You fall into a shaft and drop 1 floor!
 95501 | Zot:5    | Entered Level 5 of the Realm of Zot
 95501 | Zot:5    | Noticed a Killer Klown
 95501 | Zot:5    | Noticed an orb of fire
 95503 | Zot:5    | Noticed an orb of fire
 95506 | Zot:5    | Noticed an orb of fire
 95511 | Zot:5    | Killed a Killer Klown
 95511 | Zot:5    | Noticed an orb of fire
 95517 | Zot:5    | Noticed an orb of fire
 95520 | Zot:5    | Noticed a Killer Klown
 95524 | Zot:5    | Noticed a Killer Klown
 95525 | Zot:5    | Killed an orb of fire
 95527 | Zot:5    | Killed a Killer Klown
 95528 | Zot:5    | Killed an orb of fire
 95529 | Zot:5    | Reached skill level 10 in Short Blades
 95530 | Zot:5    | Noticed an orb of fire
 95531 | Zot:5    | Killed a Killer Klown
 95535 | Zot:5    | Killed an orb of fire
 95536 | Zot:5    | Reached skill level 10 in Axes
 95536 | Zot:5    | Reached skill level 10 in Crossbows
 95536 | Zot:5    | Killed an orb of fire
 95540 | Zot:5    | Killed an orb of fire
 95540 | Zot:5    | Noticed an orb of fire
 95541 | Zot:5    | Reached skill level 10 in Unarmed Combat
 95543 | Zot:5    | Killed an orb of fire
 95545 | Zot:5    | Noticed an ancient lich
 95555 | Zot:5    | Killed an orb of fire
 95556 | Zot:5    | Reached skill level 10 in Bows
 95556 | Zot:5    | Reached skill level 10 in Translocations
 95566 | Zot:5    | Killed an ancient lich
 95614 | Zot:5    | Got the Orb of Zot
 95640 | Zot:5    | Noticed an orb of fire
 95640 | Zot:5    | Noticed a Killer Klown
 95643 | Zot:5    | Noticed an orb of fire
 95645 | Zot:5    | Noticed an ancient lich
 95655 | Zot:5    | Killed an orb of fire
 95660 | Zot:5    | Killed an orb of fire
 95675 | Zot:5    | Killed a Killer Klown
 95754 | Zot:5    | Reached skill level 15 in Poison Magic
 95754 | Zot:5    | Killed an ancient lich
 96019 | Depths:5 | Found Veypox's Book Shop.
 96043 | Depths:5 | Found Wefos's Armour Shoppe.
 96070 | Depths:5 | Noticed Poodog the pandemonium lord
 96100 | Depths:5 | Killed Poodog the pandemonium lord
 96101 | Depths:5 | Reached skill level 10 in Long Blades
 96116 | Depths:4 | Noticed Boris
 96136 | Depths:4 | Killed Boris
 96180 | Depths:4 | Found a one-way gate to the infinite horrors of the Abyss.
 96375 | D:14     | Noticed Lidus the pandemonium lord
 96596 | D:3      | Noticed Wudob the pandemonium lord
 96610 | D:3      | Killed Wudob the pandemonium lord
 96773 | D:$      | Escaped with the Orb!

Illustrated notes

Levels and vault maps discovered:
D:1:      saegor_arrival_simple_b, layout_loops_ring
D:2:      layout_basic, ebering_ecumenical_altar_rust
D:3:      layout_basic, serial_shops, shop_fountains, solitary_fountain,
          kennysheep_generic_room_15
D:4:      wad_river_or_something, layout_rooms,
          mainiacjoe_overflow_cross_hatched, serial_shops, kennysheep_mini,
          serial_corexii_hall, chequers_hall_statues_corner_a,
          corexii_hall_statues_i
D:5:      layout_basic, fedhas_bush_and_centaur_altar,
          lemuel_coloured_pillars_altar, chequers_ossuary_entry_cave,
          minmay_ruined_shrine
D:6:      layout_cave_pods, slow_altar_1, minmay_temple_entry_water_ring,
          gammafunk_ghost_icy
D:7:      nzn_winding_woodlands_cross [nzn_winding_woodlands_5x15_pool,
          nzn_winding_woodlands_5x15_eye, nzn_winding_woodlands_5x15_sidewinder,
          nzn_winding_woodlands_5x15_twine,
          nzn_winding_woodlands_15x15_thick_spiral], layout_basic,
          mainiacjoe_overflow_boulevard, lemuel_zombie_altar_yredelemnul,
          mainiacjoe_overflow_24_doors, ebering_dispersal_statue_hall,
          uniq_joseph
D:8:      layout_rooms, nicolae_tso_carved_into_rock
D:9:      layout_rooms, mainiacjoe_overflow_alcove_2, marbit_many_paths,
          david_lair_generic, orc_0_dummy, gammafunk_ghost_smash,
          minmay_fractal_squares_diagonal_5, uniq_psyche
D:10:     layout_loops_ring, nicolae_uskayaw_en_pointe, lightli_temple_of_fire,
          evilmike_ruin_ashenzari
D:11:     layout_roguey, kennysheep_just_a_vault
D:12:     layout_loops_cross, gammafunk_ghost_ooze, uniq_snorg
D:13:     layout_cave_pools, erik_vaults_2, uniq_azrael, uniq_jorgrun
D:14:     layout_rooms, minmay_strange_pillars, nicolae_ru_path_of_blood,
          uniq_agnes, uniq_frances
D:15:     grunt_enter_depths_hoard, layout_loops_corners, hangedman_glass_teeth
Temple:   compressed_dpeg_triangle_lava_temple
Lair:1:   layout_cave_pods
Lair:2:   layout_roguey [special_room_bee], enter_volcano_4,
          infiniplex_staircase_pool, uniq_nergalle, uniq_gastronok
Lair:3:   minmay_guarded_unrand_snakebite, layout_regular_city,
          minmay_shoals_entry_centaurs, minmay_snake_entry_six_corridors,
          infiniplex_staircase_pool_2, lemuel_fruit_tree, serial_bayou_shore_b
Lair:4:   layout_cave_pods, minmay_lair_oklob_chamber, grunt_megastairs_1
Lair:5:   layout_long_grid, special_room [special_room_mythical_zoo],
          st_stairs_4
Lair:6:   evilmike_catoblepas_cave, layout_hall_layers, slime_altar_1,
          special_room [special_room_mythical_zoo],
          gammafunk_ghost_berserking_beasts
Shoals:1: layout_shoals
Shoals:2: layout_shoals
Shoals:3: layout_shoals, uniq_ilsuiw
Shoals:4: shoals_end_grunt_ice, layout_shoals, shoal_ilsuiw, overgrown_statue
Snake:1:  layout_grid_maze
Snake:2:  hangedman_cross_stitches, layout_gridlike, minmay_shop_grove,
          grunt_megastairs_4, serial_bayou_shore_a, uniq_louise
Snake:3:  nicolae_snake_unarmed_stairs_patrol, layout_basic, ebering_ghost_xom,
          minmay_shoptagon
Snake:4:  johnstein_snake_rune_scales, layout_cave_town, ebering_ghost_xom,
          serial_shops, shop, uniq_aizul, uniq_vashnia
Slime:1:  layout_caves
Slime:2:  layout_caves
Slime:3:  layout_caves, nicolae_slime_barrier
Slime:4:  layout_caves
Slime:5
Orc:1:    layout_diamond_mine
Orc:2:    grunt_orc_gardens, layout_diamond_mine, grunt_orc_garden,
          grunt_orc_garden, grunt_orc_garden, grunt_orc_garden, serial_shops,
          shop_fountains, nicolae_orc_stony_grotto, hellmonk_bongcloud_opening
Elf:1:    eino_elf_arrival_shootout, layout_geoelf_diagonals,
          portal_desolation_entry_nicolae_nacl, minmay_elf_demonology,
          nicolae_rare_books, wad_floor_pattern_2, drop_trap,
          nicolae_elf_shapeshifter_party, grunt_megastairs_2
Elf:2:    nicolae_elf_blades_crystal_corner, layout_loops_cross, serial_shops,
          nicolae_stop_n_shop_2, shop_fountains, nicolae_shop_trees,
          serial_aquarium, aquarium_bridge_straight [aquarium_subvault_bridge,
          aquarium_subvault_window, aquarium_subvault_bridge,
          aquarium_subvault_window], aquarium_window_fake, aquarium_window_2,
          aquarium_window_2, aquarium_window_corner, aquarium_view_2f
Elf:3:    elf_hall, layout_gridlike
Vaults:1: nicolae_vaults_theta, vaults_mumra_hexcomb, ontoclasm_vaults_shuriken,
          vaults_room_grunt_arrival_ludios, nicolae_vaults_asterisk,
          vaults_mumra_chevron, nicolae_vaults_ninety_degrees,
          nicolae_vaults_network_square, nicolae_vaults_holding_cells,
          layout_vaults_omnigrid
Vaults:2: grunt_vaults_focal, nicolae_vaults_little_squares_4,
          hangedman_vaults_nodes, grunt_vaults_twisty, ontoclasm_vaults_chip,
          minmay_crypt_entry_necro_gods, nicolae_vaults_network_s,
          nicolae_vaults_little_squares_2, v_misc_18, v_alt_pattern_6,
          nicolae_vaults_c_with_doors, nicolae_vaults_rhombus_6,
          layout_vaults_ring, uniq_bai_suzhen, uniq_asterion, uniq_mara
Vaults:3: hangedman_vaults_pinch, nicolae_vaults_network_quincunx
          [nicolae_vaults_network_quincunx_subvault,
          nicolae_vaults_network_quincunx_subvault,
          nicolae_vaults_network_quincunx_subvault,
          nicolae_vaults_network_quincunx_subvault,
          nicolae_vaults_network_quincunx_subvault],
          ontoclasm_vaults_decontamination, v_misc_1, ontoclasm_vaults_chip,
          nicolae_vaults_diagonal_hallway_7, layout_vaults_chaotic_city,
          serial_shops, nicolae_shop_stone
Vaults:4: ontoclasm_vaults_gateway, vaults_standard_mumra_x,
          hangedman_vaults_stagger, nicolae_vaults_little_squares_2,
          ontoclasm_vaults_pinch, st_greater_box_2,
          hangedman_vaults_stretched_pinwheel, vaults_room_boxed,
          vaults_room_hallway, ontoclasm_vaults_chip, v_misc_13,
          nicolae_vaults_circle_grid_a, vaults_room_hallway, v_rooms_1,
          vaults_room_hallway, v_pattern_3, layout_vaults_omnibox, serial_shops,
          shop_coins
Vaults:5: uniq_mennas
Crypt:1:  layout_gridlike, item_on_display_a, grunt_megastairs_3
Crypt:2:  layout_rooms, uniq_sojobo, uniq_margery
Crypt:3:  church_of_pain_bobbens, layout_chaotic_city,
          nicolae_tomb_entry_rubble_hallway
Tomb:1
Tomb:2
Tomb:3
Depths:1: layout_cave_pools, hell_entry, serial_shops, shop,
          minmay_strange_pillars, kennysheep_generic_room_14
Depths:2: cell_vault, layout_cave_pools, hellmouth_1,
          chequers_serial_rivers_small_b, uniq_nikola
Depths:3: lemuel_river_lethe, serial_shops, pan_entry, hell_entry, uniq_xtahua
Depths:4: minmay_glassy_protrusions, layout_gridlike, enter_ziggurat_a,
          nicolae_abyss_entry_one_way_or_another, rand_demon_pan_entry_9,
          hell_entry, minmay_crystal_room, lightli_corner_chamber, uniq_boris,
          uniq_enchantress
Depths:5: evilmike_zot_entry_diamond, layout_cave_pools, grunt_hell_horde,
          nicolae_qazlal_general_emergency, serial_shops, shop, shop,
          nicolae_shop_crystal, shop, shop
Hell
Dis:1:    layout_subdivisions
Dis:2:    layout_subdivisions, hangedman_dis_decor_tower
Dis:3:    layout_gridville
Dis:5:    layout_regular_city
Dis:6:    layout_regular_city, nicolae_dis_lava_storage_tank
Dis:7:    iron_city_of_dis [dis_old, dis_wall_6], layout_chaotic_city,
          hangedman_dis_chains
Geh:1:    layout_gehenna_pools_triple
Geh:2:    layout_gehenna_pools_basic
Geh:3:    layout_gehenna_lava_caves
Geh:6:    layout_gehenna_pools_box, nicolae_geh_single_fiery_grave,
          hangedman_hellfire_club
Geh:7:    geh_grunt_pentagon
Coc:1:    layout_cocytus_water_paths
Coc:2:    layout_cocytus_water_paths
Coc:4:    layout_ice_bergs
Coc:6:    layout_cocytus_water_paths
Coc:7:    coc_grunt_cove [coc_grunt_cove_antaeus, coc_grunt_cove_fiend,
          coc_grunt_cove_fiend, coc_grunt_cove_fiend, coc_grunt_cove_fiend]
Tar:1:    layout_grid_maze
Tar:2:    layout_catacombs
Tar:3:    layout_grid_maze, nicolae_tar_cuneiform_not
Tar:6:    layout_grid_maze
Tar:7:    tar_minmay_river
Zot:1:    layout_onion, st_stairs_12
Zot:2:    layout_misc_corridors, st_single_dragon_hoard_3
Zot:3:    layout_gridville, nicolae_lava_and_water
Zot:4:    layout_misc_corridors
Zot:5:    layout_misc_corridors, grunt_ministairs_6, drop_trap

Skill      XL: |  1  2  3  4  5  6  7  8  9 10 11 12 13 14 15 16 17 18 19 20 21 22 23 24 25 26 27 |
---------------+----------------------------------------------------------------------------------+-----
Conjurations   | 4 5 6 27 | 27.0
Fighting       | 1 2 4 5 6 7 8 10 27 | 27.0
Armour         | 1 2 4 5 6 7 8 10 27 | 27.0
Spellcasting   | 3 6 7 8 9 10 12 27 | 27.0
Fire Magic     | 5 6 27 | 27.0
Dodging        | 3 4 5 6 7 27 | 27.0
Necromancy     | 3 6 10 11 12 16 17 18 20 27 | 27.0
Shields        | 8 9 10 11 15 27 | 27.0
Earth Magic    | 7 12 16 19 20 21 27 | 27.0
Poison Magic   | 2 3 4 17 | 17.1
Air Magic      | 1 2 3 6 27 | 27.0
Transmutations | 4 8 10 15 18 19 20 27 | 27.0
Ice Magic      | 3 8 10 27 | 27.0
Bows           | 1 4 12 | 12.5
Evocations     | 8 27 | 27.0
Stealth        | 27 | 27.0
Throwing       | 27 | 27.0
Staves         | 27 | 27.0
Short Blades   | 14 | 14.3
Axes           | 14 | 14.1
Crossbows      | 14 | 14.1
Unarmed Combat | 14 | 14.1
Translocations | 12 | 12.6
Long Blades    | 10 | 10.3

Action                   |  1- 3 |  4- 6 |  7- 9 | 10-12 | 13-15 | 16-18 | 19-21 | 22-24 | 25-27 || total
-------------------------+-------+-------+-------+-------+-------+-------+-------+-------+-------++-------
Melee: Club              |    10 |       |       |       |       |       |       |       |       ||    10
       Short sword       |    24 |    19 |       |       |       |       |       |       |       ||    43
       Demon blade       |       |     3 |       |       |       |       |       |       |       ||     3
       Trident           |       |       |    28 |       |       |       |       |       |       ||    28
       Hand axe          |       |       |    65 |   264 |   103 |   282 |   345 |     6 |       ||  1065
       Scimitar          |       |       |       |       |   505 |   238 |   113 |   316 |       ||  1172
       Rapier            |       |       |       |       |    42 |    28 |    19 |    21 |       ||   110
       Quarterstaff      |       |       |       |       |       |       |       |   164 |  3656 ||  3820
       Great mace        |       |       |       |       |       |       |       |       |    12 ||    12
 Fire: Shortbow          |       |       |     1 |       |       |       |   126 |   272 |    18 ||   417
       Hunting sling     |       |       |       |       |    14 |       |       |       |       ||    14
Throw: Javelin           |       |       |       |       |       |       |       |       |     4 ||     4
 Cast: Magic Dart        |    29 |    18 |     4 |    24 |    15 |       |       |       |       ||    90
       Searing Ray       |     6 |    16 |    48 |    88 |    40 |       |       |       |       ||   198
       Conjure Flame     |       |       |     2 |    31 |    42 |    18 |    16 |     8 |       ||   117
       Sublimation of Bl |       |       |       |    24 |    73 |    60 |   163 |   150 |   172 ||   642
       Vampiric Draining |       |       |       |    19 |    47 |    11 |     2 |     1 |       ||    80
       Dispel Undead     |       |       |       |     5 |     7 |     9 |     4 |     3 |   144 ||   172
       Borgnjor's Vile C |       |       |       |       |   161 |   239 |   443 |   470 |   662 ||  1975
       Mephitic Cloud    |       |       |       |       |       |       |     5 |     4 |       ||     9
       Bolt of Magma     |       |       |       |       |       |       |    15 |     2 |    18 ||    35
       Ozocubu's Armour  |       |       |       |       |       |       |     4 |    11 |    58 ||    73
       Statue Form       |       |       |       |       |       |       |     1 |     4 |       ||     5
       Necromutation     |       |       |       |       |       |       |       |       |   277 ||   277
       Shatter           |       |       |       |       |       |       |       |       |   710 ||   710
       Polar Vortex      |       |       |       |       |       |       |       |       |   330 ||   330
       Chain Lightning   |       |       |       |       |       |       |       |       |    64 ||    64
       Maxwell's Capacit |       |       |       |       |       |       |       |       |     7 ||     7
Invok: Receive Forbidden |       |       |       |       |     1 |       |       |       |       ||     1
       Renounce Religion |       |       |       |       |     1 |       |       |       |       ||     1
       Potion Petition   |       |       |       |       |       |       |       |       |   114 ||   114
       Call Merchant     |       |       |       |       |       |       |       |       |    24 ||    24
 Abil: Dig               |     6 |    15 |    19 |    47 |    53 |    47 |    13 |    28 |   103 ||   331
       Shaft Self        |       |       |       |     1 |       |       |     1 |     1 |    25 ||    28
       End Transformatio |       |       |       |       |       |       |       |     1 |    74 ||    75
       Evoke Invisibilit |       |       |       |       |       |       |       |       |     1 ||     1
Evoke: Piece from Xom's  |       |       |       |       |     2 |       |       |       |       ||     2
       Wand              |       |       |       |       |     4 |       |       |       |    13 ||    17
       Lightning rod     |       |       |       |       |       |       |     2 |       |     8 ||    10
       Condenser vane    |       |       |       |       |       |       |       |       |    14 ||    14
       Box of beasts     |       |       |       |       |       |       |       |       |     7 ||     7
       Figurine of a zig |       |       |       |       |       |       |       |       |     5 ||     5
       Phantom mirror    |       |       |       |       |       |       |       |       |     3 ||     3
  Use: Scroll            |       |     4 |     4 |    16 |     4 |    13 |     5 |     5 |    41 ||    92
       Potion            |       |     1 |       |       |     2 |     3 |       |       |    72 ||    78
 Stab: Sleeping          |       |     1 |       |     1 |     4 |     1 |       |     1 |     1 ||     9
       Distracted        |       |       |       |       |     6 |    16 |     3 |     4 |   173 ||   202
       Confused          |       |       |       |       |       |       |       |     4 |     6 ||    10
       Invisible         |       |       |       |       |       |       |       |       |    37 ||    37
       Petrifying        |       |       |       |       |       |       |       |       |     2 ||     2
       Petrified         |       |       |       |       |       |       |       |       |     1 ||     1
Armor: Robe              |    19 |    11 |     9 |       |       |       |       |       |       ||    39
       Ring mail         |       |       |    53 |   106 |   326 |   257 |    91 |       |       ||   833
       Troll leather arm |       |       |       |       |       |       |   141 |   117 |  2074 ||  2332
       Skin              |       |       |       |       |       |       |     2 |    20 |     5 ||    27
Dodge: Dodged            |    22 |    30 |    90 |   151 |   520 |   352 |   599 |   431 |  4616 ||  6811
Block: Other             |       |       |    14 |     9 |       |       |       |       |       ||    23
       Reflection        |       |       |     4 |       |       |       |    26 |    71 |       ||   101
       Kite shield       |       |       |       |   205 |   681 |   147 |       |       |       ||  1033
       Tower shield      |       |       |       |       |       |   590 |  1136 |   913 |  8898 || 11537
       Rpst.: Scimitar   |       |       |       |       |   110 |    50 |    17 |    52 |       ||   229
